 Dungeon Crawl Stone Soup version 0.26-a0-362-g1d9a9cd4fa (webtiles) character file.

Game seed: 5408147131930661492

211398 Froggeryz the Basher (level 19, -3/166 HPs)
             Began as a Gnoll Chaos Knight on July 14, 2020.
             Was the Champion of Zin.
             Slain by a nagaraja (8 damage)
             ... on level 4 of the Snake Pit on July 18, 2020.
             The game lasted 01:42:16 (260041 turns).

Froggeryz the Basher (Gnoll Chaos Knight)         Turns: 260041, Time: 01:42:17

Health: -3/166     AC: 42    Str: 29    XL:     19   Next: 29%
Magic:  33/35      EV: 13    Int: 17    God:    Zin [******]
Gold:   5637       SH:  4    Dex: 13    Spells: 31/42 levels left

rFire    + . .     SeeInvis .   H - +4 lajatang (freeze)
rCold    + + +     Faith    .   (shield currently unavailable)
rNeg     + + .     Spirit   .   V - +27 Lear's hauberk
rPois    +         Reflect  .   (helmet currently unavailable)
rElec    +         Harm     .   B - scarf {rC+ rF+}
rCorr    .         Clarity  +   (gloves currently unavailable)
MR       ++...                  (boots currently unavailable)
Stlth    ++++......             s - amulet of Dickux {Regen+ Str+5}
HPRegen  1.17/turn              z - ring "Saxueron" {rC+ rN++ Str+4 Dex-4 Slay+6}
MPRegen  0.24/turn              w - ring of Horanin {rElec rPois MR+}

@: lethally poisoned (-3 -> -3), about to teleport, constricted
A: distributed training, claws 1, fangs 1, hooves 1, horns 1, icy blue scales 1,
large bone plates 1, camouflage 2, agile 1, blink, clarity, cold resistance 1,
regeneration 1, robust 1, shaggy fur 1, wild magic 1, MP-powered wands, strong
nose
a: Blink, Recite, Vitalisation, Imprison, Sanctuary, Donate Gold, Renounce
Religion


You were on level 4 of the Snake Pit.
You worshipped Zin.
Zin was exalted by your worship.
You visited 5 branches of the dungeon, and saw 28 of its levels.
You also visited: Bailey and Gauntlet.

You collected 13107 gold pieces.
You spent 7224 gold pieces at shops.
You donated 246 gold pieces to Zin.

Inventory:

Hand Weapons
 a - the +8 frozen axe "Frostbite" {freezing cloud, *Noise +Fly rC+}
   (You bought it in a shop on level 4 of the Snake Pit)

   It has been specially enchanted to freeze those struck by it, causing extra
   injury to most foes and up to half again as much damage against particularly
   susceptible opponents.
   It can also slow down cold-blooded creatures.
   It protects you from cold.
   It lets you fly.
   It may make noises in combat.
 H - a +4 lajatang of freezing (weapon)
 Y - a +0 antimagic battleaxe
Missiles
 b - 6 curare-tipped darts (quivered)
 p - 23 silver javelins
Armour
 c - the cursed +0 hat "Qoss" {rF+ MR+ Int+4 Dex-3}
   (You found it in a Gauntlet)

   It affects your intelligence (+4).
   It affects your dexterity (-3).
   It protects you from fire.
   It affects your resistance to hostile enchantments.
   It has a curse placed upon it.
 B - a scarf of resistance (worn)
 R - a +10 plate armour of ponderousness
 V - the +27 Lear's hauberk (worn)
   (You bought it in a shop on level 6 of the Dungeon)
Jewellery
 j - the ring "Eboiloing" {Ice Dex+4 Stlth+}
   (Xom gifted it to you on level 5 of the Dungeon)

   [ring of ice]

   It enhances your ice magic.
   It affects your dexterity (+4).
   It makes you vulnerable to fire.
   It protects you from cold.
   It makes you more stealthy.
 s - the amulet of Dickux (around neck) {Regen+ Str+5}
   (Xom gifted it to you on level 2 of the Dungeon)

   [amulet of regeneration]

   It affects your strength (+5).
   It increases your rate of regeneration.
 v - the ring "Hiroad" {Fire +Fly Str-2 Slay+2}
   (Xom gifted it to you on level 2 of the Dungeon)

   [ring of fire]

   It enhances your fire magic.
   It affects your strength (-2).
   It affects your accuracy and damage with ranged weapons and melee attacks
   (+2).
   It protects you from fire.
   It makes you vulnerable to cold.
   It lets you fly.
 w - the ring of Horanin (right claw) {rElec rPois MR+}
   (Xom gifted it to you on level 1 of the Dungeon)

   [ring of poison resistance]

   It insulates you from electricity.
   It protects you from poison.
   It affects your resistance to hostile enchantments.
 z - the ring "Saxueron" (left claw) {rC+ rN++ Str+4 Dex-4 Slay+6}
   (You found it in a Gauntlet)

   [ring of protection from cold]

   It affects your strength (+4).
   It affects your dexterity (-4).
   It affects your accuracy and damage with ranged weapons and melee attacks
   (+6).
   It protects you from cold.
   It greatly protects you from negative energy.
 A - the ring of the Circus Animal {Wiz rC+}
   (You bought it in a shop on level 2 of the Snake Pit)

   [ring of wizardry]

   It improves your spell success rate.
   It protects you from cold.
Wands
 t - a wand of paralysis (10)
 C - a wand of iceblast (20)
 G - a wand of acid (26)
 I - a wand of digging (10)
 L - a wand of disintegration (21)
 M - a wand of enslavement (5)
 X - a wand of flame (40)
Scrolls
 d - 17 scrolls of identify
 e - 7 scrolls of blinking
 f - 5 scrolls of fog
 g - 3 scrolls of holy word
 i - 9 scrolls of remove curse
 k - 10 scrolls of immolation
 m - 8 scrolls of amnesia
 x - 8 scrolls of enchant armour
 y - 15 scrolls of teleportation
 J - 4 scrolls of magic mapping
 K - 4 scrolls of fear
 N - 2 scrolls of summoning
 Z - 2 scrolls of silence
Potions
 h - 10 potions of curing
 l - 5 potions of brilliance
 n - 4 potions of magic
 u - 7 potions of ambrosia
 D - a potion of cancellation
 E - 5 potions of haste
 O - a potion of invisibility
 P - a potion of mutation
 Q - 8 potions of might
 T - 3 potions of resistance
 W - 5 potions of berserk rage
Miscellaneous
 o - a tin of tremorstones (3/3)
 q - 2 phantom mirrors
 r - a phial of floods
 F - a lightning rod (4/4)


   Skills:
 + Level 13.8 Fighting
 + Level 12.4 Short Blades
 + Level 12.4 Long Blades
 + Level 12.4 Axes
 + Level 13.8 Maces & Flails
 + Level 12.4 Polearms
 + Level 12.4 Staves
 + Level 12.4 Slings
 + Level 12.4 Bows
 + Level 12.4 Crossbows
 + Level 12.4 Throwing
 + Level 13.1 Armour
 + Level 12.7 Dodging
 + Level 12.4 Stealth
 + Level 12.4 Shields
 + Level 12.4 Unarmed Combat
 + Level 12.4 Spellcasting
 + Level 10.7 Conjurations
 + Level 10.7 Hexes
   Level 0.0 Charms
 + Level 10.7 Summonings
 + Level 10.7 Necromancy
 + Level 10.7 Translocations
 + Level 10.7 Transmutations
 + Level 10.7 Fire Magic
 + Level 10.7 Ice Magic
 + Level 10.7 Air Magic
 + Level 10.7 Earth Magic
 + Level 10.7 Poison Magic
 + Level 13.4 Invocations
 + Level 12.4 Evocations


You had 31 spell levels left.
You knew the following spells:

 Your Spells              Type           Power        Failure   Level
a - Tukima's Dance        Hex            ######..     1%          3
b - Passwall              Tmut/Erth      ######..     1%          2
c - Apportation           Tloc           ######       1%          1
d - Silence               Hex/Air        ######....   13%         5

Your spell library contained the following spells:

 Spells                   Type           Power        Failure   Level
 Animate Skeleton         Necr           ######       1%          1
 Corona                   Hex            ######.      1%          1
 Foxfire                  Conj/Fire      ####         1%          1
 Freeze                   Ice            ####         1%          1
 Sandblast                Erth           ######       1%          1
 Shock                    Conj/Air       ####         1%          1
 Summon Small Mammal      Summ           ####         1%          1
 Blink                    Tloc           N/A          1%          2
 Ensorcelled Hibernation  Hex/Ice        ######       1%          2
 Swiftness                Air            ######..     1%          2
 Wereblood                Tmut           ######..     1%          2
 Confusing Touch          Hex            ######..     1%          3
 Conjure Flame            Conj/Fire      ######..     1%          3
 Dazzling Flash           Conj/Hex       ######       1%          3
 Frozen Ramparts          Ice            ######       1%          3
 Gell's Gravitas          Tloc           ######....   1%          3
 Inner Flame              Hex/Fire       ######..     1%          3
 Lesser Beckoning         Tloc           ######....   1%          3
 Ozocubu's Armour         Ice            ######..     1%          3
 Static Discharge         Conj/Air       ######..     1%          3
 Stone Arrow              Conj/Erth      ######       1%          3
 Teleport Other           Tloc           ######..     1%          3
 Airstrike                Air            ######....   5%          4
 Cause Fear               Hex            ######....   5%          4
 Hailstorm                Conj/Ice       ######..     5%          4
 Passage of Golubria      Tloc           N/A          5%          4
 Petrify                  Tmut/Erth      ######..     5%          4
 Sticky Flame             Conj/Fire      ######..     5%          4
 Summon Ice Beast         Ice/Summ       ######..     5%          4
 Bolt of Magma            Conj/Fire/Erth ######....   13%         5
 Fireball                 Conj/Fire      ######....   13%         5
 Iskenderun's Battlesphe  Conj           ######..     13%         5
 Lee's Rapid Deconstruct  Erth           ######....   13%         5
 Lightning Bolt           Conj/Air       ######....   13%         5
 Yara's Violent Unravell  Hex/Tmut       ######....   13%         5
 Invisibility             Hex            ######..     50%         6
 Iron Shot                Conj/Erth      ######....   50%         6
 Orb of Destruction       Conj           ######....   96%         7
 Spellforged Servitor     Conj/Summ      ######....   96%         7
 Discord                  Hex            ######....   100%        8


Dungeon Overview and Level Annotations

Branches:
Dungeon (15/15)            Temple (1/1) D:4            Lair (6/6) D:8
 Shoals (0/4) Lair:3        Snake (4/4) Lair:4        Slime (0/5) Lair:6
    Orc (2/2) D:12            Elf (0/3) Orc:2        Vaults (0/5) D:13
 Depths (0/5) D:15         Bailey (visited)         Gauntlet (visited)

Altars:
Ashenzari
Cheibriados
Dithmenos
Elyvilon
Fedhas
Gozag
Hepliaklqana
Kikubaaqudgha
Makhleb
Nemelex Xobeh
Okawaru
Qazlal
Ru
Sif Muna
Trog
Uskayaw
Vehumet
Wu Jian
Xom
Yredelemnul
Zin
The Shining One

Shops:
D:4 (   D:6 [   D:13 ?   D:15 (   Orc:1 [   Orc:2 [}*!   Snake:2 *==!
Snake:4 [[[(

Portals:
Pandemonium: Orc:2

Annotations:
D:3 2 transporters
Snake:2 1 runed translucent door, KristoblXynda's ghost, journeyman TrMo


Innate Abilities, Weirdness & Mutations

Your experience applies equally to all skills.
You have very sharp teeth.
Your uncanny sense of smell can sniff out nearby items.
You have sharp fingernails.
You have large cloven feet.
You have a pair of small horns on your head.
You are partially covered in icy blue scales. (AC +2)
You are partially covered in large bone plates. (SH +4)
Your skin blends seamlessly with your surroundings (Stealth++).
You are agile. (Dex +2)
You can translocate small distances at will.
You possess an exceptional clarity of mind.
Your flesh is cold resistant. (rC+)
Your natural rate of healing is unusually fast.
You are robust. (+10% HP)
You are covered in fur. (AC +1)
Your spells are a little harder to cast, but a little more powerful.
You expend magic power (3 MP) to strengthen your wands.


Message History

The bolt of poison misses you. The naga hits you but does no damage.
Unknown command.
Casting: Tukima's Dance (safe; 1% risk of failure)
Confirm with . or Enter, or press ? or * to list all spells.
Okay, then.
Unknown command.
The naga mage's grasp on you weakens, but your attempt to escape fails.
You feel sick. The naga mage spits poison at you.
The splash of poison hits you.
You are more poisoned.
You resist.
* * * LOW HITPOINT WARNING * * *
The naga mage constricts you. The guardian serpent barely misses you.
The guardian serpent hits you but does no damage.
You block the naga's attack.
The naga mage hits you but does no damage. x2
The naga mage constricts you. The nagaraja hits you!
You die...
Xom guffaws!

......##++##.....................
.................................
.. .............................
.######...............<[)........
.#....##......####....[...#######
.#.....#.....##..##.....###..
.##'''##.#...#....##..###....
.........#####.NSN.####...⌠..
...........##..N@S..# .NN....
)...........#..N#NS.##.N.......
....[.......#..##...#..N.8.8.8N
....).......#(.###..N.....N.N..
#.......[.).#.)#.#....N⌠.......
#######..#.[#[)#.#.............
......#..#[[#..#.##.#....8.8.8.
.....'#..#.)#))#..####.........
.....##).#.)[).#.....#.(......⌠


You could see 2 nagarajas, a naga sharpshooter, 3 guardian serpents, 2 naga magi
and 2 nagas.

Vanquished Creatures
  Saint Roka (Snake:2)
  Rupert (Orc:2)
  10 nagarajas
  A fire giant (D:14)
  Aizul (Snake:2)
  A frost giant (D:15)
  An orc warlord (Bailey)
  The ghost of Miritol the Imperceptible, a journeyman KoBr of Jiyva (Lair:3)
  4 dire elephants (Lair:6)
  Snorg (Lair:6)
  2 minotaurs
  A fire dragon (D:13)
  The ghost of Xeugap the Grappler, a journeyman VSWn of Ashenzari (Lair:5)
  2 ettins
  24 naga warriors
  A great orb of eyes (D:14)
  7 hydras
  A catoblepas (Lair:4)
  4 centaur warriors
  7 two-headed ogres
  20 anacondas
  4 death yaks (Lair:6)
  6 orc high priests (Orc:2)
  12 naga sharpshooters
  14 shock serpents
  Urug (D:10)
  Sonja (Lair:1)
  4 salamander mystics
  An infernal demonspawn (Orc:2)
  8 naga ritualists
  An unseen horror (D:13)
  A torturous demonspawn (Orc:2)
  2 sea snakes
  An orange crystal statue (Gauntlet)
  A lindwurm (Lair:3)
  10 orc knights
  8 oklob plants
  3 manticores
  2 cyclopes (D:14)
  6 orc sorcerers
  A deep elf mage (D:15)
  6 mana vipers
  7 ugly things
  18 salamanders
  Maurice (D:10)
  13 guardian serpents
  Joseph (D:10)
  A rust devil (Orc:2)
  14 elephants
  28 naga magi
  43 black mambas
  A smoke demon (Orc:2)
  3 centaur zombies
  10 cane toads
  2 gargoyles
  An orange demon (Orc:2)
  9 komodo dragons
  2 yaktaurs (D:15)
  4 kobold demonologists
  An ice devil (Gauntlet)
  A harpy zombie (D:15)
  10 trolls
  2 efreet (D:14)
  A hellwing (Orc:2)
  3 meliai (D:14)
  A polar bear (Lair:5)
  2 queen bees
  Prince Ribbit (D:9)
  8 slime creatures
  6 dream sheep (Lair:5)
  9 blink frogs
  A redback (D:14)
  13 hippogriffs
  2 vampires
  4 shadows
  3 wraiths
  A ynoxinul (Orc:2)
  Sigmund (D:2)
  A redback (shapeshifter) (D:13)
  A wyvern (D:14)
  A hog (shapeshifter) (D:14)
  32 yaks
  4 basilisks
  4 chaos spawn
  Grum (D:8)
  4 wargs
  Edmund (D:6)
  56 nagas
  A soldier ant (D:13)
  17 water moccasins
  2 acid dragons (D:14)
  12 porcupines
  53 orc warriors
  5 ice beasts
  3 phantoms
  An eye of draining (shapeshifter) (Lair:3)
  4 sky beasts
  2 black bears
  A necrophage (D:9)
  10 ogres
  2 eyes of draining
  25 wolves
  11 centaurs
  9 crocodiles
  6 big kobolds
  13 bullfrogs
  3 scorpions
  49 killer bees
  11 wights
  5 electric eels
  10 howler monkeys
  5 bullfrog zombies
  A crimson imp (D:2)
  3 quasits
  7 hounds
  12 jellies
  Crazy Yiuf (D:7)
  3 bullfrog skeletons
  24 orc priests
  3 centaur skeletons
  5 iguanas
  26 orc wizards
  15 worker ants
  A worker ant zombie (D:5)
  26 gnolls
  11 adders
  2 shadow imps
  3 white imps
  An ufetubus (D:9)
  21 oozes
  An adder zombie (D:9)
  3 worms
  9 dart slugs
  8 leopard geckos
  132 orcs
  3 ball pythons (Snake:3)
  6 giant cockroaches
  27 goblins
  21 hobgoblins
  4 jackals (D:7)
  9 quokkas
  15 bats
  5 frilled lizards
  21 kobolds
  A quokka skeleton (D:5)
  A quokka zombie (D:6)
  6 rats
  4 plants (Lair:6)
1219 creatures vanquished.

Vanquished Creatures (collateral kills)
  Erolcha (D:10)
  A salamander (Snake:2)
  A black mamba (Snake:1)
  2 nagas (Snake:2)
5 creatures vanquished.

Vanquished Creatures (others)
  2 nagas (Snake:4)
  11 dancing weapons
  A quasit (D:4)
  An orc wizard (D:4)
  An adder (Snake:3)
  A worm (D:4)
  17 fungi
  8 plants
42 creatures vanquished.

Grand Total: 1266 creatures vanquished

Notes
Turn   | Place    | Note
-------+----------+-------------------------------------------
     0 | D:1      | Froggeryz the Gnoll Chaos Knight began the quest for the
                  | Orb.
     0 | D:1      | Reached XP level 1. HP: 23/23 MP: 1/1
    68 | D:1      | Reached XP level 2. HP: 29/29 MP: 2/2
   809 | D:1      | Reached XP level 3. HP: 35/35 MP: 3/3
   872 | D:1      | XOM: cloud trail
  1045 | D:2      | Found a faded altar of an unknown god.
  1070 | D:2      | Reached skill level 1 in Invocations
  1077 | D:2      | Found an ancient bone altar of Kikubaaqudgha.
  1147 | D:2      | Reached skill level 1 in Short Blades
  1147 | D:2      | Reached skill level 1 in Long Blades
  1147 | D:2      | Reached skill level 1 in Axes
  1147 | D:2      | Reached skill level 1 in Polearms
  1147 | D:2      | Reached skill level 1 in Staves
  1147 | D:2      | Reached skill level 1 in Slings
  1147 | D:2      | Reached skill level 1 in Bows
  1147 | D:2      | Reached skill level 1 in Crossbows
  1147 | D:2      | Reached skill level 1 in Throwing
  1147 | D:2      | Reached skill level 1 in Stealth
  1147 | D:2      | Reached skill level 1 in Shields
  1147 | D:2      | Reached skill level 1 in Unarmed Combat
  1147 | D:2      | Reached skill level 1 in Spellcasting
  1147 | D:2      | Reached skill level 1 in Evocations
  1147 | D:2      | Reached XP level 4. HP: 41/41 MP: 5/5
  1156 | D:2      | Found a glowing golden altar of the Shining One.
  1156 | D:2      | Noticed Sigmund
  1157 | D:2      | Found a shattered altar of Ashenzari.
  1167 | D:2      | Killed Sigmund
  1167 | D:2      | Reached skill level 1 in Conjurations
  1167 | D:2      | Reached skill level 1 in Hexes
  1167 | D:2      | Reached skill level 1 in Charms
  1167 | D:2      | Reached skill level 1 in Summonings
  1167 | D:2      | Reached skill level 1 in Necromancy
  1167 | D:2      | Reached skill level 1 in Translocations
  1167 | D:2      | Reached skill level 1 in Transmutations
  1167 | D:2      | Reached skill level 1 in Fire Magic
  1167 | D:2      | Reached skill level 1 in Ice Magic
  1167 | D:2      | Reached skill level 1 in Air Magic
  1167 | D:2      | Reached skill level 1 in Earth Magic
  1167 | D:2      | Reached skill level 1 in Poison Magic
  1167 | D:2      | Reached XP level 5. HP: 21/47 MP: 5/7
  1405 | D:2      | XOM: divination: detect creatures
  1532 | D:2      | Found an iron altar of Okawaru.
  1532 | D:2      | Found a white marble altar of Elyvilon.
  1774 | D:2      | Reached XP level 6. HP: 46/53 MP: 8/8
  1833 | D:2      | Found a burning altar of Makhleb.
  1861 | D:3      | XOM: noise
  1929 | D:3      | Found a shadowy altar of Dithmenos.
  1933 | D:3      | Noticed an orc warrior
  1936 | D:3      | Found a transporter.
  2057 | D:3      | Found a transporter.
  2176 | D:3      | XOM: divination: magic mapping
  2525 | D:4      | XOM: silly message
  2547 | D:4      | Reached skill level 5 in Armour
  2581 | D:4      | XOM: silly message
  2594 | D:4      | Found a staircase to the Ecumenical Temple.
  2604 | D:4      | XOM: smoke on damage
  2676 | D:4      | XOM: potion effect (might)
  2703 | D:4      | Found Vutasmo's Weapon Emporium.
  2724 | D:4      | XOM: 2-stop teleportation journey
  2750 | D:4      | XOM: destruction
  2763 | Temple   | Entered the Ecumenical Temple
  2927 | Temple   | XOM: scenery: summon butterflies
  3040 | D:4      | XOM: 1-stop teleportation journey
  3045 | D:4      | Reached XP level 7. HP: 59/59 MP: 10/10
  3070 | D:4      | XOM: cleaving
  3869 | D:4      | XOM: scenery: summon butterflies
  3931 | D:5      | Entered Level 5 of the Dungeon
  4187 | D:5      | XOM: god gift: scintillating silver ring {god gift}
  4188 | D:5      | Got a scintillating silver ring {god gift}
  4190 | D:5      | Identified the ring "Eboiloing" {Ice Dex+4 Stlth+} (Xom
                  | gifted it to you on level 5 of the Dungeon)
  4190 | D:5      | XOM: 4-stop teleportation journey
  4410 | D:5      | Found an opulent altar of Gozag.
  4707 | D:6      | Reached XP level 8. HP: 40/67 MP: 12/12
  4888 | D:6      | XOM: destruction
  4969 | D:6      | Noticed Edmund
  4985 | D:6      | Killed Edmund
  5016 | D:6      | XOM: divination: magic mapping
  5025 | D:6      | Found Xyifokas's Armour Shop.
  5096 | D:6      | XOM: cloud trail
  5143 | D:6      | XOM: divination: detect items
  5287 | D:6      | XOM: god gift: 19 stones
  5377 | D:6      | XOM: divination: detect creatures
  5533 | D:6      | XOM: summons friendly crimson imp
  5539 | D:6      | XOM: 4-stop teleportation journey
  5550 | D:6      | XOM: summons 3 hostile shadow creatures
  5650 | D:6      | XOM: scenery: create altars
  6591 | D:1      | XOM: god gift: paperback book {god gift}
  6809 | D:1      | XOM: 1-stop teleportation journey
  6858 | D:1      | XOM: 4-stop teleportation journey
  7332 | D:1      | XOM: god gift: scroll of teleportation
  8458 | D:1      | XOM is BORED!
  8881 | D:1      | XOM: cloud trail
  8931 | D:1      | XOM: noise
  9038 | D:1      | XOM: stat loss: -1 Dex (14/15)
  9216 | D:1      | XOM: stat loss: -1 Str (15/16)
  9476 | D:1      | XOM: summons 3 hostile demons
  9477 | D:1      | Noticed a sixfirhy
  9477 | D:1      | Noticed an orange demon
 10432 | D:2      | XOM: give mutations
 10432 | D:2      | Gained mutation: Your body sometimes deteriorates upon
                  | taking damage. [Xom's mischief]
 10432 | D:2      | Gained mutation: You are weak. (Str -2) [Xom's mischief]
 10432 | D:2      | Gained mutation: You have supernaturally acute eyesight.
                  | (SInv) [Xom's mischief]
 11316 | D:2      | XOM is BORED!
 11354 | D:2      | XOM: summons 2 hostile demons
 11442 | D:2      | XOM: give mutations
 11442 | D:2      | Gained mutation: You are frail. (-10% HP) [Xom's mischief]
 11442 | D:2      | Lost mutation: You have supernaturally acute eyesight.
                  | (SInv) [Xom's mischief]
 11442 | D:2      | Gained mutation: Scrolls take you a little longer to read.
                  | [Xom's mischief]
 11442 | D:2      | Lost mutation: You are frail. (-10% HP) [Xom's mischief]
 11810 | D:2      | XOM: summons 1 hostile demon
 11931 | D:2      | XOM: silly message
 12078 | D:2      | XOM: give mutations
 12078 | D:2      | Gained mutation: Your body often deteriorates upon taking
                  | damage. [Xom's mischief]
 12078 | D:2      | Gained mutation: Scrolls take you longer to read. [Xom's
                  | mischief]
 12078 | D:2      | Lost mutation: Your body often deteriorates upon taking
                  | damage. [Xom's mischief]
 12078 | D:2      | Lost mutation: Scrolls take you longer to read. [Xom's
                  | mischief]
 12152 | D:2      | XOM: torment (38/67 hp)
 12287 | D:2      | XOM: give mutations
 12287 | D:2      | Gained mutation: You have extremely sharp teeth. [Xom's
                  | mischief]
 12287 | D:2      | Gained mutation: Scrolls take you longer to read. [Xom's
                  | mischief]
 12321 | D:2      | XOM: noise
 12577 | D:2      | XOM: give mutations
 12577 | D:2      | Gained mutation: You are frail. (-10% HP) [Xom's mischief]
 12577 | D:2      | Lost mutation: You are weak. (Str -2) [Xom's mischief]
 12577 | D:2      | Gained mutation: You occasionally shout uncontrollably at
                  | your foes. [Xom's mischief]
 12861 | D:2      | XOM: summons 5 hostile demons
 12862 | D:2      | Noticed a rust devil
 13121 | D:1      | XOM: summons 4 hostile demons
 13122 | D:1      | Noticed an orange demon
 13865 | D:2      | XOM: stat loss: -1 Dex (13/15)
 14051 | D:2      | XOM: give mutations
 14051 | D:2      | Lost mutation: Your body sometimes deteriorates upon taking
                  | damage. [Xom's mischief]
 14051 | D:2      | Lost mutation: You occasionally shout uncontrollably at
                  | your foes. [Xom's mischief]
 14101 | D:2      | XOM: summons 4 hostile demons
 14170 | D:1      | XOM: draining
 14601 | D:1      | XOM: silly message
 14662 | D:1      | XOM: give mutations
 14662 | D:1      | Gained mutation: You are dopey. (Int -2) [Xom's mischief]
 14662 | D:1      | Gained mutation: You are very frail. (-20% HP) [Xom's
                  | mischief]
 14662 | D:1      | Lost mutation: You are very frail. (-20% HP) [Xom's
                  | mischief]
 15436 | D:1      | XOM: give mutations
 15436 | D:1      | Gained mutation: Armour fits poorly on your strangely
                  | shaped body. [Xom's mischief]
 15436 | D:1      | Lost mutation: You are frail. (-10% HP) [Xom's mischief]
 15436 | D:1      | Gained mutation: You evolve. [Xom's mischief]
 15444 | D:1      | XOM: god gift: black potion {god gift}
 15978 | D:1      | Gained mutation: You have a pair of small antennae on your
                  | head. [evolution]
 16245 | D:1      | XOM is BORED!
 16245 | D:1      | XOM: give mutation
 16245 | D:1      | Gained mutation: Your body sometimes deteriorates upon
                  | taking damage. [Xom's mischief]
 16348 | D:1      | XOM: god gift: 18 sling bullets
 16785 | D:1      | XOM: summons 5 hostile demons
 16842 | D:2      | XOM: give mutations
 16842 | D:2      | Lost mutation: You are dopey. (Int -2) [Xom's mischief]
 16842 | D:2      | Gained mutation: You are weak. (Str -2) [Xom's mischief]
 16842 | D:2      | Lost mutation: Your body sometimes deteriorates upon taking
                  | damage. [Xom's mischief]
 18460 | D:2      | XOM: give mutations
 18460 | D:2      | Gained mutation: Your flesh is heat resistant. (rF+) [Xom's
                  | mischief]
 18460 | D:2      | Lost mutation: Armour fits poorly on your strangely shaped
                  | body. [Xom's mischief]
 18529 | D:2      | XOM: give mutations
 18529 | D:2      | Gained mutation: Your body sometimes deteriorates upon
                  | taking damage. [Xom's mischief]
 18529 | D:2      | Gained mutation: You are occasionally teleported next to
                  | monsters. [Xom's mischief]
 18529 | D:2      | Lost mutation: Scrolls take you longer to read. [Xom's
                  | mischief]
 18931 | D:2      | XOM: cloud trail
 20255 | D:2      | XOM: stat loss: -1 Int (14/15)
 20431 | D:2      | XOM: give mutations
 20431 | D:2      | Gained mutation: You have large cloven feet. [Xom's grace]
 20431 | D:2      | Gained mutation: Your flesh is very heat resistant. (rF++)
                  | [Xom's grace]
 20473 | D:2      | XOM: give mutations
 20473 | D:2      | Gained mutation: Your skin changes colour to match your
                  | surroundings (Stealth+). [Xom's grace]
 20473 | D:2      | Gained mutation: Your movements are slightly less
                  | encumbered by armour. (ER -2) [Xom's grace]
 20473 | D:2      | Gained mutation: You have a somewhat thin skeletal
                  | structure. (Dex +2, Stealth) [Xom's grace]
 21351 | D:2      | XOM: god gift: leather armour {god gift}
 21644 | D:2      | XOM is BORED!
 21687 | D:2      | XOM: cloud trail
 21781 | D:2      | XOM: give mutations
 21781 | D:2      | Lost mutation: You are weak. (Str -2) [Xom's mischief]
 21781 | D:2      | Lost mutation: You have large cloven feet. [Xom's mischief]
 21781 | D:2      | Lost mutation: You have a pair of small antennae on your
                  | head. [Xom's mischief]
 21781 | D:2      | Lost mutation: Scrolls take you a little longer to read.
                  | [Xom's mischief]
 21841 | D:2      | XOM: summons 3 hostile shadow creatures
 21901 | D:1      | XOM: god gift: scale mail {god gift}
 22150 | D:1      | XOM: give mutations
 22150 | D:1      | Lost mutation: You have a somewhat thin skeletal structure.
                  | (Dex +2, Stealth) [Xom's mischief]
 22150 | D:1      | Lost mutation: Your body sometimes deteriorates upon taking
                  | damage. [Xom's mischief]
 22940 | D:1      | XOM: god gift: 4310 gold pieces
 23349 | D:1      | XOM: god gift: masterwork falchion {god gift}
 23350 | D:1      | Got a masterwork falchion {god gift}
 23351 | D:1      | Identified the +4 falchion of Xom's Displeasure {chaos,
                  | rElec MP+9} (Xom gifted it to you on level 1 of the
                  | Dungeon)
 23999 | D:1      | XOM: divination: magic mapping
 24142 | D:1      | XOM: god gift: lightning rod (4/4)
 24360 | D:1      | XOM: scenery: create altars
 24739 | D:1      | XOM is BORED!
 24944 | D:1      | XOM: cloud trail
 25829 | D:1      | XOM: scenery: summon butterflies
 26069 | D:1      | XOM: give mutation
 26069 | D:1      | Gained mutation: You are robust. (+10% HP) [Xom's grace]
 26313 | D:1      | XOM: noise
 26623 | D:1      | XOM: silly message
 27023 | D:1      | XOM: divination: detect creatures
 27060 | D:1      | XOM: silly message
 27578 | D:1      | XOM: silly message
 27653 | D:1      | XOM: divination: detect items
 28097 | D:1      | XOM: divination: magic mapping
 28594 | D:1      | XOM: divination: detect creatures
 28654 | D:1      | XOM: stat loss: -1 Dex (12/15)
 29343 | D:1      | XOM: draining
 30672 | D:1      | XOM: give mutations
 30672 | D:1      | Lost mutation: You evolve. [Xom's mischief]
 30672 | D:1      | Gained mutation: Scrolls take you a little longer to read.
                  | [Xom's mischief]
 30672 | D:1      | Gained mutation: You passively map a small area around you.
                  | [Xom's mischief]
 30672 | D:1      | Gained mutation: You are dopey. (Int -2) [Xom's mischief]
 30787 | D:1      | XOM is BORED!
 31015 | D:1      | XOM: noise
 31602 | D:1      | XOM: scenery: summon butterflies
 32136 | D:1      | XOM: cloud trail
 32142 | D:1      | XOM: noise
 32224 | D:1      | XOM: cloud trail
 33101 | D:1      | XOM: scenery: summon butterflies
 33470 | D:1      | XOM: god gift: glowing hand axe {god gift}
 33832 | D:1      | XOM: noise
 33929 | D:1      | XOM: give mutations
 33929 | D:1      | Gained mutation: Your flesh is almost immune to the effects
                  | of heat. (rF+++) [Xom's grace]
 33929 | D:1      | Gained mutation: You are resistant to hostile enchantments.
                  | (MR+) [Xom's grace]
 33929 | D:1      | Gained mutation: You are highly resistant to hostile
                  | enchantments. (MR++) [Xom's grace]
 33929 | D:1      | Gained mutation: You are partially covered in icy blue
                  | scales. (AC +2) [Xom's grace]
 34441 | D:1      | XOM: give mutation
 34441 | D:1      | Gained mutation: You have sharp toenails. [Xom's grace]
 34601 | D:1      | XOM: god gift: wand of acid (9)
 34939 | D:1      | XOM: give mutations
 34939 | D:1      | Gained mutation: You are partially covered in thin metallic
                  | scales. (AC +2) [Xom's grace]
 34939 | D:1      | Gained mutation: You have razor-sharp toenails. [Xom's
                  | grace]
 34939 | D:1      | Gained mutation: Your flesh is cold resistant. (rC+) [Xom's
                  | grace]
 34939 | D:1      | Gained mutation: You expend magic power (3 MP) to
                  | strengthen your wands. [Xom's grace]
 34953 | D:1      | XOM: divination: detect items
 35431 | D:1      | XOM: cloud trail
 36006 | D:1      | XOM: god gift: book of Air
 36017 | D:1      | XOM: divination: detect items
 36039 | D:1      | XOM: give mutation
 36039 | D:1      | Gained mutation: Your system is resistant to poisons.
                  | (rPois) [Xom's grace]
 36159 | D:1      | XOM: noise
 37227 | D:1      | XOM is BORED!
 37267 | D:1      | XOM: cloud trail
 37386 | D:1      | XOM: god gift: lajatang {god gift}
 38127 | D:1      | XOM: scenery: summon butterflies
 38978 | D:1      | XOM: give mutations
 38978 | D:1      | Gained mutation: You have an increased reservoir of magic.
                  | (+10% MP) [Xom's grace]
 38978 | D:1      | Gained mutation: You are somewhat resistant to further
                  | mutation. [Xom's grace]
 38978 | D:1      | Gained mutation: You have a pair of small horns on your
                  | head. [Xom's grace]
 39684 | D:1      | XOM: silly message
 40156 | D:1      | XOM: silly message
 40633 | D:1      | XOM is BORED!
 40837 | D:1      | XOM: torment (42/73 hp)
 40864 | D:1      | XOM: give mutations
 40864 | D:1      | Lost mutation: Your system is resistant to poisons. (rPois)
                  | [Xom's mischief]
 40864 | D:1      | Lost mutation: You passively map a small area around you.
                  | [Xom's mischief]
 41264 | D:1      | XOM: divination: magic mapping
 41473 | D:1      | XOM: 3-stop teleportation journey
 41474 | D:1      | XOM: god gift: gnarled glowing staff {god gift}
 42530 | D:1      | XOM: scenery: summon butterflies
 43178 | D:1      | XOM: god gift: 16 arrows
 43183 | D:1      | XOM: god gift: scroll of immolation
 43451 | D:1      | XOM: give mutations
 43451 | D:1      | Lost mutation: You have a pair of small horns on your head.
                  | [Xom's mischief]
 43451 | D:1      | Lost mutation: Scrolls take you a little longer to read.
                  | [Xom's mischief]
 43662 | D:1      | XOM: give mutations
 43662 | D:1      | Lost mutation: You are dopey. (Int -2) [Xom's mischief]
 43662 | D:1      | Lost mutation: You have razor-sharp toenails. [Xom's
                  | mischief]
 44217 | D:1      | XOM: torment (42/73 hp)
 44316 | D:1      | XOM is BORED!
 44316 | D:1      | XOM: torment (37/73 hp)
 44556 | D:1      | XOM: silly message
 44802 | D:1      | XOM: god gift: hunting sling {god gift}
 45575 | D:1      | XOM: stat loss: -1 Str (14/16)
 46333 | D:1      | XOM: silly message
 46391 | D:1      | XOM: give mutations
 46391 | D:1      | Lost mutation: You are somewhat resistant to further
                  | mutation. [Xom's mischief]
 46391 | D:1      | Lost mutation: You expend magic power (3 MP) to strengthen
                  | your wands. [Xom's mischief]
 46484 | D:1      | XOM: god gift: wand of digging (3)
 47311 | D:1      | XOM: divination: detect creatures
 47451 | D:1      | XOM is BORED!
 47451 | D:1      | XOM: noise
 47618 | D:1      | XOM: divination: detect items
 47664 | D:1      | XOM: god gift: dagger {god gift}
 48222 | D:1      | XOM is BORED!
 48245 | D:1      | XOM: noise
 48765 | D:1      | XOM: silly message
 49414 | D:1      | XOM: noise
 49632 | D:1      | XOM: god gift: 41 gold pieces
 49894 | D:1      | XOM: god gift: bubbling yellow potion {god gift}
 50047 | D:1      | Lost mutation: Your flesh is cold resistant. (rC+) [potion
                  | of mutation]
 50047 | D:1      | Lost mutation: You are occasionally teleported next to
                  | monsters. [potion of mutation]
 50047 | D:1      | Lost mutation: You are partially covered in icy blue
                  | scales. (AC +2) [potion of mutation]
 50047 | D:1      | Lost mutation: Your movements are slightly less encumbered
                  | by armour. (ER -2) [potion of mutation]
 50047 | D:1      | Gained mutation: You can translocate small distances at
                  | will. [potion of mutation]
 50090 | D:1      | XOM: give mutations
 50090 | D:1      | Gained mutation: You are partially covered in rugged brown
                  | scales. (AC +1, +3% HP) [Xom's grace]
 50090 | D:1      | Gained mutation: You expend magic power (3 MP) to
                  | strengthen your wands. [Xom's grace]
 50090 | D:1      | Gained mutation: You are extremely resistant to the effects
                  | of hostile enchantments. (MR+++) [Xom's grace]
 50179 | D:1      | XOM: god gift: scroll of blinking
 50267 | D:1      | XOM: summons 1 hostile demon
 51875 | D:1      | XOM: god gift: 10 gold pieces
 52298 | D:1      | XOM: 1-stop teleportation journey
 52450 | D:1      | XOM: give mutations
 52450 | D:1      | Gained mutation: Your mind is acute. (Int +2) [Xom's grace]
 52450 | D:1      | Gained mutation: You are agile. (Dex +2) [Xom's grace]
 52450 | D:1      | Gained mutation: You have a pair of small horns on your
                  | head. [Xom's grace]
 52450 | D:1      | Gained mutation: You have sharp fingernails. [Xom's grace]
 52545 | D:1      | XOM: scenery: summon butterflies
 52610 | D:1      | XOM: give mutation
 52610 | D:1      | Lost mutation: Your mind is acute. (Int +2) [Xom's
                  | mischief]
 52800 | D:1      | XOM: divination: magic mapping
 53072 | D:1      | XOM is BORED!
 53331 | D:1      | XOM: noise
 54551 | D:1      | XOM: scenery: create altars
 54624 | D:1      | XOM: god gift: 1620 gold pieces
 54969 | D:1      | XOM: scenery: summon butterflies
 55140 | D:1      | XOM: give mutation
 55140 | D:1      | Gained mutation: You possess an exceptional clarity of
                  | mind. [Xom's grace]
 55242 | D:1      | XOM: god gift: 2270 gold pieces
 55351 | D:1      | XOM: stat loss: -1 Dex (11/17)
 55634 | D:1      | XOM: give mutations
 55634 | D:1      | Lost mutation: You have sharp toenails. [Xom's mischief]
 55634 | D:1      | Lost mutation: Your flesh is almost immune to the effects
                  | of heat. (rF+++) [Xom's mischief]
 55634 | D:1      | Lost mutation: You are agile. (Dex +2) [Xom's mischief]
 55634 | D:1      | Lost mutation: You are extremely resistant to the effects
                  | of hostile enchantments. (MR+++) [Xom's mischief]
 55697 | D:1      | XOM: god gift: scroll labeled QUMOOMM PYMPIO {god gift}
 55817 | D:1      | XOM: noise
 55898 | D:1      | XOM: summons 1 hostile shadow creature
 57049 | D:1      | XOM: summons 1 hostile demon
 57226 | D:1      | XOM is BORED!
 57226 | D:1      | XOM: noise
 57487 | D:1      | XOM: draining
 57608 | D:1      | XOM: summons 1 hostile demon
 58035 | D:1      | XOM: god gift: battleaxe {god gift}
 58226 | D:1      | XOM: 2-stop teleportation journey
 58275 | D:1      | XOM: give mutation
 58275 | D:1      | Lost mutation: You have a pair of small horns on your head.
                  | [Xom's mischief]
 58730 | D:1      | XOM is BORED!
 58730 | D:1      | XOM: torment (43/75 hp)
 58834 | D:1      | XOM: give mutation
 58834 | D:1      | Gained mutation: You are mostly covered in thin metallic
                  | scales. (AC +3) [Xom's grace]
 59001 | D:1      | XOM: scenery: create altars
 59149 | D:1      | XOM: god gift: 21 gold pieces
 60381 | D:1      | XOM: give mutation
 60381 | D:1      | Gained mutation: You are very robust. (+20% HP) [Xom's
                  | grace]
 60776 | D:1      | XOM is BORED!
 60776 | D:1      | XOM: give mutations
 60776 | D:1      | Lost mutation: You are mostly covered in thin metallic
                  | scales. (AC +3) [Xom's mischief]
 60776 | D:1      | Lost mutation: You have an increased reservoir of magic.
                  | (+10% MP) [Xom's mischief]
 60869 | D:1      | XOM: give mutations
 60869 | D:1      | Lost mutation: You are very robust. (+20% HP) [Xom's
                  | mischief]
 60869 | D:1      | Lost mutation: You have extremely sharp teeth. [Xom's
                  | mischief]
 60869 | D:1      | Lost mutation: You are robust. (+10% HP) [Xom's mischief]
 61593 | D:1      | XOM: summons 2 hostile demons
 62265 | D:1      | XOM: god gift: 21 gold pieces
 62944 | D:1      | XOM: summons 3 hostile shadow creatures
 63123 | D:1      | XOM: give mutations
 63123 | D:1      | Gained mutation: Your mind is acute. (Int +2) [Xom's grace]
 63123 | D:1      | Gained mutation: You have sharp toenails. [Xom's grace]
 63150 | D:1      | XOM: divination: magic mapping
 63444 | D:1      | XOM: silly message
 63478 | D:1      | XOM: cloud trail
 63514 | D:1      | XOM: silly message
 63642 | D:1      | XOM: torment (39/69 hp)
 63803 | D:1      | XOM: give mutations
 63803 | D:1      | Gained mutation: You occasionally shout uncontrollably at
                  | your foes. [Xom's mischief]
 63803 | D:1      | Lost mutation: You are partially covered in rugged brown
                  | scales. (AC +1, +3% HP) [Xom's mischief]
 63803 | D:1      | Lost mutation: Your mind is acute. (Int +2) [Xom's
                  | mischief]
 64261 | D:1      | XOM: stat loss: -1 Dex (8/15)
 64596 | D:1      | XOM: summons 5 hostile demons
 65024 | D:2      | XOM is BORED!
 65149 | D:2      | XOM: draining
 65339 | D:2      | XOM: noise
 65603 | D:2      | XOM: stat loss: -1 Int (10/15)
 66639 | D:2      | XOM: give mutation
 66639 | D:2      | Lost mutation: You occasionally shout uncontrollably at
                  | your foes. [Xom's mischief]
 67339 | D:2      | XOM: give mutations
 67339 | D:2      | Lost mutation: You have sharp fingernails. [Xom's mischief]
 67339 | D:2      | Lost mutation: You can translocate small distances at will.
                  | [Xom's mischief]
 67339 | D:2      | Lost mutation: You are highly resistant to hostile
                  | enchantments. (MR++) [Xom's mischief]
 67339 | D:2      | Gained mutation: You are dopey. (Int -2) [Xom's mischief]
 67369 | D:2      | XOM: torment (38/67 hp)
 67440 | D:2      | XOM: summons 4 hostile shadow creatures
 67994 | D:1      | XOM: summons 5 hostile demons
 68258 | D:2      | XOM: stat loss: -1 Dex (7/15)
 68473 | D:2      | XOM: silly message
 68590 | D:2      | XOM: god gift: glowing chain mail {god gift}
 68744 | D:2      | XOM is BORED!
 68744 | D:2      | XOM: give mutations
 68744 | D:2      | Gained mutation: You are frail. (-10% HP) [Xom's mischief]
 68744 | D:2      | Lost mutation: You are resistant to hostile enchantments.
                  | (MR+) [Xom's mischief]
 68744 | D:2      | Gained mutation: You are weak. (Str -2) [Xom's mischief]
 68744 | D:2      | Lost mutation: You are dopey. (Int -2) [Xom's mischief]
 69348 | D:2      | XOM: give mutations
 69348 | D:2      | Lost mutation: You have sharp toenails. [Xom's mischief]
 69348 | D:2      | Lost mutation: You are weak. (Str -2) [Xom's mischief]
 69348 | D:2      | Gained mutation: You are agile. (Dex +2) [Xom's mischief]
 69365 | D:2      | XOM: give mutations
 69365 | D:2      | Lost mutation: You expend magic power (3 MP) to strengthen
                  | your wands. [Xom's mischief]
 69365 | D:2      | Lost mutation: You are frail. (-10% HP) [Xom's mischief]
 69365 | D:2      | Gained mutation: You do not regenerate when monsters are
                  | visible. [Xom's mischief]
 69438 | D:2      | XOM: silly message
 69603 | D:2      | XOM: give mutation
 69603 | D:2      | Lost mutation: Your flesh is very heat resistant. (rF++)
                  | [Xom's mischief]
 70084 | D:2      | XOM: give mutations
 70084 | D:2      | Lost mutation: You are agile. (Dex +2) [Xom's mischief]
 70084 | D:2      | Lost mutation: You possess an exceptional clarity of mind.
                  | [Xom's mischief]
 70084 | D:2      | Gained mutation: You have a pair of small horns on your
                  | head. [Xom's mischief]
 70084 | D:2      | Gained mutation: You tend to lose your temper in combat.
                  | [Xom's mischief]
 70218 | D:2      | XOM: stat loss: -1 Dex (6/15)
 70423 | D:2      | XOM is BORED!
 70423 | D:2      | XOM: give mutations
 70423 | D:2      | Lost mutation: You have a pair of small horns on your head.
                  | [Xom's mischief]
 70423 | D:2      | Gained mutation: You are frail. (-10% HP) [Xom's mischief]
 70434 | D:2      | XOM: summons 3 hostile shadow creatures
 70585 | D:1      | XOM: scenery: summon butterflies
 70618 | D:1      | XOM: give mutation
 70618 | D:1      | Gained mutation: Your spells are a little harder to cast,
                  | but a little more powerful. [Xom's grace]
 70690 | D:1      | XOM: god gift: potion of magic
 71352 | D:1      | XOM: divination: detect creatures
 71493 | D:1      | XOM: scenery: summon butterflies
 71911 | D:1      | XOM: divination: detect creatures
 71919 | D:1      | XOM: god gift: wand of polymorph (5)
 72083 | D:1      | XOM: god gift: great sword {god gift}
 72378 | D:1      | XOM: god gift: 50 gold pieces
 72392 | D:1      | XOM: scenery: summon butterflies
 72435 | D:1      | XOM: scenery: create altars
 72471 | D:1      | XOM: 1-stop teleportation journey
 73006 | D:1      | XOM: scenery: summon butterflies
 73248 | D:1      | XOM: god gift: 23 bolts
 73484 | D:1      | XOM is BORED!
 74573 | D:1      | XOM: god gift: tin of tremorstones (3/3)
 74630 | D:1      | XOM: scenery: summon butterflies
 74742 | D:1      | XOM: scenery: summon butterflies
 74759 | D:1      | XOM: give mutation
 74759 | D:1      | Gained mutation: You have sharp toenails. [Xom's grace]
 75110 | D:1      | XOM: give mutations
 75110 | D:1      | Gained mutation: You have an increased reservoir of magic.
                  | (+10% MP) [Xom's grace]
 75110 | D:1      | Gained mutation: You are agile. (Dex +2) [Xom's grace]
 75110 | D:1      | Gained mutation: You have a pair of small antennae on your
                  | head. [Xom's grace]
 75110 | D:1      | Gained mutation: You are partially covered in icy blue
                  | scales. (AC +2) [Xom's grace]
 75239 | D:1      | XOM: give mutations
 75239 | D:1      | Gained mutation: Armour fits poorly on your strangely
                  | shaped body. [Xom's mischief]
 75239 | D:1      | Lost mutation: Your spells are a little harder to cast, but
                  | a little more powerful. [Xom's mischief]
 75371 | D:1      | XOM: god gift: wand of clouds (7)
 76273 | D:1      | XOM: god gift: 820 gold pieces
 76300 | D:1      | XOM: cloud trail
 76474 | D:1      | XOM is BORED!
 76474 | D:1      | XOM: give mutations
 76474 | D:1      | Gained mutation: Your body sometimes deteriorates upon
                  | taking damage. [Xom's mischief]
 76474 | D:1      | Lost mutation: Armour fits poorly on your strangely shaped
                  | body. [Xom's mischief]
 76710 | D:1      | XOM: god gift: potion of lignification
 77827 | D:1      | XOM: god gift: glittering bronze ring {god gift}
 77828 | D:1      | Got a glittering bronze ring {god gift}
 77830 | D:1      | Identified the ring of Horanin {rElec rPois MR+} (Xom
                  | gifted it to you on level 1 of the Dungeon)
 78294 | D:1      | XOM: god gift: runed plate armour {god gift}
 78725 | D:1      | XOM: divination: detect creatures
 78753 | D:1      | XOM: god gift: wand of random effects (17)
 78917 | D:1      | XOM: divination: detect creatures
 79176 | D:1      | XOM: god gift: plate armour {god gift}
 79862 | D:1      | XOM: 2-stop teleportation journey
 80101 | D:1      | XOM: summons 5 hostile demons
 80958 | D:2      | XOM is BORED!
 80958 | D:2      | XOM: give mutations
 80958 | D:2      | Lost mutation: You have a pair of small antennae on your
                  | head. [Xom's mischief]
 80958 | D:2      | Lost mutation: You are agile. (Dex +2) [Xom's mischief]
 81364 | D:2      | XOM: scenery: 1 doors close
 82281 | D:2      | XOM: summons 1 hostile shadow creature
 82326 | D:2      | XOM: draining
 82427 | D:2      | XOM: noise
 82843 | D:2      | XOM: give mutation
 82843 | D:2      | Gained mutation: Scrolls take you a little longer to read.
                  | [Xom's mischief]
 83542 | D:2      | XOM: give mutations
 83542 | D:2      | Lost mutation: You tend to lose your temper in combat.
                  | [Xom's mischief]
 83542 | D:2      | Lost mutation: You have sharp toenails. [Xom's mischief]
 83542 | D:2      | Lost mutation: Your body sometimes deteriorates upon taking
                  | damage. [Xom's mischief]
 83630 | D:2      | XOM: summons 1 hostile demon
 84443 | D:2      | XOM: give mutations
 84443 | D:2      | Gained mutation: Scrolls take you longer to read. [Xom's
                  | mischief]
 84443 | D:2      | Gained mutation: Armour fits poorly on your strangely
                  | shaped body. [Xom's mischief]
 84506 | D:2      | XOM: silly message
 84907 | D:2      | XOM: silly message
 85472 | D:2      | XOM: divination: magic mapping
 85713 | D:2      | XOM: silly message
 86068 | D:2      | XOM: silly message
 86874 | D:2      | XOM is BORED!
 87095 | D:2      | XOM: god gift: club {god gift}
 87256 | D:2      | XOM: scenery: 1 doors open
 87959 | D:2      | XOM: god gift: scroll labeled WERRAO LITOPN {god gift}
 88309 | D:2      | XOM: give mutations
 88309 | D:2      | Gained mutation: You have sharp toenails. [Xom's grace]
 88309 | D:2      | Gained mutation: Your mind is acute. (Int +2) [Xom's grace]
 88309 | D:2      | Gained mutation: You are somewhat resistant to further
                  | mutation. [Xom's grace]
 88309 | D:2      | Gained mutation: You have razor-sharp toenails. [Xom's
                  | grace]
 88502 | D:2      | XOM: god gift: dented fluorescent amulet {god gift}
 88560 | D:2      | XOM: cloud trail
 88631 | D:2      | XOM: stat loss: -1 Int (11/17)
 90427 | D:2      | XOM is BORED!
 90742 | D:2      | XOM: cloud trail
 91026 | D:2      | XOM: give mutation
 91026 | D:2      | Gained mutation: You are partially covered in yellow
                  | scales. (AC +2) [Xom's grace]
 91054 | D:2      | XOM: cloud trail
 91120 | D:2      | XOM: scenery: 1 doors close
 91213 | D:2      | XOM: scenery: 1 doors open
 91279 | D:2      | XOM: give mutations
 91279 | D:2      | Lost mutation: You are partially covered in yellow scales.
                  | (AC +2) [Xom's mischief]
 91279 | D:2      | Lost mutation: Armour fits poorly on your strangely shaped
                  | body. [Xom's mischief]
 91279 | D:2      | Lost mutation: Scrolls take you longer to read. [Xom's
                  | mischief]
 91279 | D:2      | Lost mutation: Your skin changes colour to match your
                  | surroundings (Stealth+). [Xom's mischief]
 91653 | D:2      | XOM: god gift: wand of clouds (5)
 91694 | D:2      | XOM: cloud trail
 91910 | D:2      | XOM: noise
 92255 | D:2      | XOM: give mutations
 92255 | D:2      | Lost mutation: You are frail. (-10% HP) [Xom's mischief]
 92255 | D:2      | Gained mutation: You are occasionally teleported next to
                  | monsters. [Xom's mischief]
 93864 | D:2      | XOM: give mutations
 93864 | D:2      | Gained mutation: You are frail. (-10% HP) [Xom's mischief]
 93864 | D:2      | Lost mutation: You are occasionally teleported next to
                  | monsters. [Xom's mischief]
 93864 | D:2      | Lost mutation: Your flesh is heat resistant. (rF+) [Xom's
                  | mischief]
 94768 | D:2      | XOM: cloud trail
 95452 | D:2      | XOM: stat loss: -1 Dex (5/15)
 96104 | D:2      | XOM is BORED!
 96104 | D:2      | XOM: give mutation
 96104 | D:2      | Lost mutation: You do not regenerate when monsters are
                  | visible. [Xom's mischief]
 96304 | D:2      | XOM: summons 1 hostile demon
 96889 | D:1      | XOM: give mutations
 96889 | D:1      | Gained mutation: Your flesh is heat resistant. (rF+) [Xom's
                  | grace]
 96889 | D:1      | Gained mutation: You are mostly covered in icy blue scales.
                  | (AC +3) [Xom's grace]
 96889 | D:1      | Gained mutation: Your muscles are strong. (Str +2) [Xom's
                  | grace]
 96889 | D:1      | Lost mutation: You are somewhat resistant to further
                  | mutation. [Xom's grace]
 96889 | D:1      | Gained mutation: You evolve. [Xom's grace]
 97448 | D:1      | XOM: silly message
 98326 | D:1      | XOM: god gift: 39 gold pieces
 98540 | D:1      | XOM: silly message
 99536 | D:1      | XOM: god gift: golden potion {god gift}
 99907 | D:1      | XOM: cloud trail
100058 | D:1      | XOM: give mutations
100058 | D:1      | Gained mutation: You possess an exceptional clarity of
                  | mind. [Xom's grace]
100058 | D:1      | Gained mutation: Your spells are a little harder to cast,
                  | but a little more powerful. [Xom's grace]
100058 | D:1      | Gained mutation: You have a pair of small horns on your
                  | head. [Xom's grace]
100058 | D:1      | Gained mutation: Your natural rate of healing is unusually
                  | fast. [Xom's grace]
100658 | D:1      | XOM: noise
101601 | D:1      | XOM: 3-stop teleportation journey
102547 | D:1      | XOM: divination: magic mapping
102803 | D:1      | XOM is BORED!
102919 | D:1      | XOM: god gift: scroll of teleportation
104697 | D:1      | XOM: divination: detect items
105638 | D:1      | XOM: divination: magic mapping
105813 | D:1      | XOM: silly message
106365 | D:1      | XOM: divination: magic mapping
106569 | D:1      | XOM: god gift: spear {god gift}
106645 | D:1      | XOM: god gift: scroll labeled POEBBA BIL {god gift}
106752 | D:1      | XOM: scenery: create altars
107201 | D:1      | XOM: give mutations
107201 | D:1      | Lost mutation: Your flesh is heat resistant. (rF+) [Xom's
                  | mischief]
107201 | D:1      | Lost mutation: Your mind is acute. (Int +2) [Xom's
                  | mischief]
107201 | D:1      | Lost mutation: Your muscles are strong. (Str +2) [Xom's
                  | mischief]
107201 | D:1      | Lost mutation: You are mostly covered in icy blue scales.
                  | (AC +3) [Xom's mischief]
107666 | D:1      | XOM: silly message
108034 | D:1      | XOM: noise
108874 | D:1      | XOM is BORED!
109251 | D:1      | XOM: silly message
109382 | D:1      | XOM: noise
111008 | D:1      | XOM: silly message
111033 | D:1      | XOM: divination: detect creatures
111310 | D:1      | XOM: noise
111517 | D:1      | XOM is BORED!
111517 | D:1      | XOM: give mutations
111517 | D:1      | Lost mutation: You evolve. [Xom's mischief]
111517 | D:1      | Gained mutation: You are clumsy. (Dex -2) [Xom's mischief]
111517 | D:1      | Gained mutation: You are very clumsy. (Dex -4) [Xom's
                  | mischief]
111658 | D:1      | XOM: give mutations
111658 | D:1      | Lost mutation: You have razor-sharp toenails. [Xom's
                  | mischief]
111658 | D:1      | Lost mutation: You have a pair of small horns on your head.
                  | [Xom's mischief]
111658 | D:1      | Gained mutation: You have a pair of small horns on your
                  | head. [Xom's mischief]
111982 | D:1      | XOM: silly message
111985 | D:1      | XOM: summons 5 hostile demons
112148 | D:2      | XOM: give mutations
112148 | D:2      | Lost mutation: You have a pair of small horns on your head.
                  | [Xom's mischief]
112148 | D:2      | Lost mutation: You have an increased reservoir of magic.
                  | (+10% MP) [Xom's mischief]
112406 | D:2      | XOM: summons 4 hostile demons
112654 | D:1      | XOM: give mutations
112654 | D:1      | Lost mutation: You have sharp toenails. [Xom's mischief]
112654 | D:1      | Lost mutation: You are very clumsy. (Dex -4) [Xom's
                  | mischief]
112654 | D:1      | Gained mutation: Scrolls take you longer to read. [Xom's
                  | mischief]
112654 | D:1      | Lost mutation: Your natural rate of healing is unusually
                  | fast. [Xom's mischief]
112654 | D:1      | Gained mutation: You do not regenerate when monsters are
                  | visible. [Xom's mischief]
112668 | D:1      | XOM: silly message
112724 | D:1      | XOM: silly message
112762 | D:1      | XOM: noise
112927 | D:1      | XOM: scenery: create altars
113043 | D:1      | XOM: cloud trail
113071 | D:1      | XOM: divination: detect creatures
113370 | D:1      | XOM: cloud trail
114213 | D:1      | XOM: divination: detect items
114518 | D:1      | XOM: 1-stop teleportation journey
114908 | D:1      | XOM: god gift: 19 gold pieces
115988 | D:1      | XOM is BORED!
115988 | D:1      | XOM: noise
117361 | D:1      | XOM: cloud trail
117456 | D:1      | XOM is BORED!
117456 | D:1      | XOM: give mutations
117456 | D:1      | Lost mutation: You are partially covered in thin metallic
                  | scales. (AC +2) [Xom's mischief]
117456 | D:1      | Gained mutation: You are weak. (Str -2) [Xom's mischief]
117456 | D:1      | Gained mutation: Armour fits poorly on your strangely
                  | shaped body. [Xom's mischief]
117525 | D:1      | XOM: cloud trail
117537 | D:1      | XOM: scenery: create altars
118125 | D:1      | XOM: noise
118516 | D:1      | XOM: silly message
118543 | D:1      | XOM: scenery: create altars
119048 | D:1      | XOM: divination: detect creatures
119760 | D:1      | XOM: give mutation
119760 | D:1      | Lost mutation: Scrolls take you longer to read. [Xom's
                  | grace]
119760 | D:1      | Lost mutation: Scrolls take you a little longer to read.
                  | [Xom's grace]
119760 | D:1      | Gained mutation: You have supernaturally acute eyesight.
                  | (SInv) [Xom's grace]
119850 | D:1      | XOM: god gift: phial of floods
120506 | D:1      | XOM: cloud trail
120653 | D:1      | XOM: god gift: scroll of random uselessness
120689 | D:1      | XOM: summons 5 hostile demons
120768 | D:2      | XOM: give mutations
120768 | D:2      | Gained mutation: You are partially covered in rugged brown
                  | scales. (AC +1, +3% HP) [Xom's grace]
120768 | D:2      | Lost mutation: You are weak. (Str -2) [Xom's grace]
120768 | D:2      | Gained mutation: You are partially covered in yellow
                  | scales. (AC +2) [Xom's grace]
120780 | D:2      | XOM: torment (36/62 hp)
121094 | D:2      | XOM: god gift: 49 gold pieces
121104 | D:2      | XOM: god gift: scroll labeled DOANEHEPNO {god gift}
121521 | D:2      | XOM: cloud trail
121959 | D:2      | XOM: give mutations
121959 | D:2      | Gained mutation: You have a pair of small antennae on your
                  | head. [Xom's grace]
121959 | D:2      | Gained mutation: Your system is resistant to poisons.
                  | (rPois) [Xom's grace]
121959 | D:2      | Gained mutation: You have a pair of antennae on your head.
                  | [Xom's grace]
121959 | D:2      | Gained mutation: Your muscles are strong. (Str +2) [Xom's
                  | grace]
122174 | D:2      | XOM is BORED!
122174 | D:2      | XOM: give mutation
122174 | D:2      | Lost mutation: You are clumsy. (Dex -2) [Xom's mischief]
122177 | D:2      | XOM: give mutations
122177 | D:2      | Lost mutation: Your muscles are strong. (Str +2) [Xom's
                  | mischief]
122177 | D:2      | Lost mutation: You possess an exceptional clarity of mind.
                  | [Xom's mischief]
122177 | D:2      | Lost mutation: You have supernaturally acute eyesight.
                  | (SInv) [Xom's mischief]
122177 | D:2      | Gained mutation: You are weak. (Str -2) [Xom's mischief]
122395 | D:2      | XOM: cloud trail
123453 | D:2      | XOM: torment (36/62 hp)
124814 | D:2      | XOM: give mutations
124814 | D:2      | Lost mutation: You have a pair of antennae on your head.
                  | [Xom's mischief]
124814 | D:2      | Lost mutation: You do not regenerate when monsters are
                  | visible. [Xom's mischief]
126158 | D:2      | XOM: noise
126698 | D:2      | XOM: silly message
126741 | D:2      | XOM: god gift: warped amethyst amulet {god gift}
126742 | D:2      | Got a warped amethyst amulet {god gift}
126753 | D:2      | Identified the amulet of Dickux {Regen+ Str+5} (Xom gifted
                  | it to you on level 2 of the Dungeon)
126994 | D:2      | XOM: scenery: 1 doors close
127082 | D:2      | XOM: god gift: 7 atropa-tipped darts
127258 | D:2      | XOM: draining
127543 | D:2      | XOM: cloud trail
127547 | D:2      | XOM: give mutation
127547 | D:2      | Lost mutation: You are frail. (-10% HP) [Xom's grace]
128525 | D:2      | XOM: god gift: brightly glowing wooden ring {god gift}
128526 | D:2      | Got a brightly glowing wooden ring {god gift}
128528 | D:2      | Identified the ring "Hiroad" {Fire +Fly Str-2 Slay+2} (Xom
                  | gifted it to you on level 2 of the Dungeon)
128606 | D:2      | XOM: cloud trail
128775 | D:2      | XOM: god gift: scroll of fear
129030 | D:2      | XOM: cloud trail
129085 | D:2      | XOM is BORED!
129085 | D:2      | XOM: noise
129201 | D:2      | XOM: noise
129802 | D:2      | XOM: give mutations
129802 | D:2      | Lost mutation: You are weak. (Str -2) [Xom's mischief]
129802 | D:2      | Lost mutation: Your spells are a little harder to cast, but
                  | a little more powerful. [Xom's mischief]
129802 | D:2      | Lost mutation: Armour fits poorly on your strangely shaped
                  | body. [Xom's mischief]
130042 | D:2      | XOM is BORED!
130042 | D:2      | XOM: draining
131197 | D:2      | XOM is BORED!
132029 | D:2      | XOM: stat loss: -1 Dex (3/15)
132123 | D:2      | XOM: silly message
132175 | D:2      | XOM: stat loss: -1 Dex (2/15)
132231 | D:2      | XOM: summons 5 hostile demons
132232 | D:2      | Noticed a sixfirhy
132232 | D:2      | Noticed an orange demon
132758 | D:1      | XOM: torment (39/69 hp)
132779 | D:1      | XOM: torment (30/69 hp)
133239 | D:1      | XOM: torment (39/69 hp)
133360 | D:1      | XOM: summons 5 hostile demons
133552 | D:2      | XOM: divination: magic mapping
133723 | D:2      | XOM is BORED!
133723 | D:2      | XOM: give mutation
133723 | D:2      | Lost mutation: Your system is resistant to poisons. (rPois)
                  | [Xom's mischief]
133998 | D:2      | XOM: give mutations
133998 | D:2      | Gained mutation: Your flesh is heat resistant. (rF+) [Xom's
                  | grace]
133998 | D:2      | Gained mutation: Your flesh is cold resistant. (rC+) [Xom's
                  | grace]
133998 | D:2      | Gained mutation: You expend magic power (3 MP) to
                  | strengthen your wands. [Xom's grace]
133998 | D:2      | Gained mutation: You passively map a small area around you.
                  | [Xom's grace]
134594 | D:2      | XOM: divination: detect creatures
135117 | D:2      | XOM: cloud trail
135705 | D:2      | XOM: give mutations
135705 | D:2      | Gained mutation: You evolve. [Xom's grace]
135705 | D:2      | Gained mutation: Your muscles are strong. (Str +2) [Xom's
                  | grace]
136742 | D:2      | XOM: scenery: 1 doors open
137021 | D:2      | XOM is BORED!
137021 | D:2      | XOM: summons 1 hostile shadow creature
137848 | D:2      | XOM: give mutations
137848 | D:2      | Gained mutation: Your mind is acute. (Int +2) [Xom's grace]
137848 | D:2      | Gained mutation: You are agile. (Dex +2) [Xom's grace]
138306 | D:2      | XOM: god gift: papyrus book {god gift}
138707 | D:2      | XOM: scenery: 1 doors close
138822 | D:2      | XOM is BORED!
138822 | D:2      | XOM: stat loss: -2 Str (16/23)
139012 | D:2      | XOM: scenery: 1 doors open
139152 | D:2      | XOM: give mutations
139152 | D:2      | Gained mutation: You can translocate small distances at
                  | will. [Xom's grace]
139152 | D:2      | Gained mutation: Your flesh is very heat resistant. (rF++)
                  | [Xom's grace]
139152 | D:2      | Gained mutation: Your mind is very acute. (Int +4) [Xom's
                  | grace]
139152 | D:2      | Gained mutation: Your flesh is very cold resistant. (rC++)
                  | [Xom's grace]
139376 | D:2      | XOM: draining
139945 | D:2      | XOM: god gift: scroll of teleportation
140086 | D:2      | XOM: scenery: 1 doors close
140267 | D:2      | XOM: give mutation
140267 | D:2      | Lost mutation: You evolve. [Xom's grace]
140267 | D:2      | Gained mutation: You are somewhat resistant to further
                  | mutation. [Xom's grace]
140333 | D:2      | XOM: give mutation
140333 | D:2      | Gained mutation: You have a pair of antennae on your head.
                  | [Xom's grace]
140930 | D:2      | XOM: scenery: 1 doors open
141180 | D:2      | XOM: cloud trail
141310 | D:2      | XOM is BORED!
141640 | D:2      | XOM: scenery: 1 doors close
141784 | D:2      | XOM: give mutations
141784 | D:2      | Gained mutation: You are covered in fur. (AC +1) [Xom's
                  | grace]
141784 | D:2      | Gained mutation: You possess an exceptional clarity of
                  | mind. [Xom's grace]
142219 | D:2      | XOM: summons 4 hostile shadow creatures
142357 | D:1      | XOM: give mutations
142357 | D:1      | Lost mutation: You passively map a small area around you.
                  | [Xom's mischief]
142357 | D:1      | Lost mutation: You expend magic power (3 MP) to strengthen
                  | your wands. [Xom's mischief]
142357 | D:1      | Lost mutation: Your muscles are strong. (Str +2) [Xom's
                  | mischief]
142614 | D:1      | XOM: give mutations
142614 | D:1      | Lost mutation: You are agile. (Dex +2) [Xom's mischief]
142614 | D:1      | Lost mutation: You are partially covered in icy blue
                  | scales. (AC +2) [Xom's mischief]
142614 | D:1      | Lost mutation: You are somewhat resistant to further
                  | mutation. [Xom's mischief]
142614 | D:1      | Lost mutation: Your mind is very acute. (Int +4) [Xom's
                  | mischief]
142751 | D:1      | XOM is BORED!
142751 | D:1      | XOM: summons 2 hostile demons
142891 | D:2      | XOM: summons 5 hostile demons
142892 | D:2      | Noticed a sixfirhy
142892 | D:2      | Noticed a hellwing
143130 | D:1      | XOM: summons 5 hostile demons
143862 | D:2      | XOM: stat loss: -1 Str (13/21)
144569 | D:2      | XOM: noise
145462 | D:2      | XOM: give mutations
145462 | D:2      | Lost mutation: You possess an exceptional clarity of mind.
                  | [Xom's mischief]
145462 | D:2      | Gained mutation: You are weak. (Str -2) [Xom's mischief]
146515 | D:2      | XOM: give mutations
146515 | D:2      | Lost mutation: You have a pair of antennae on your head.
                  | [Xom's mischief]
146515 | D:2      | Gained mutation: You have sharp fingernails. [Xom's
                  | mischief]
146947 | D:2      | XOM: give mutation
146947 | D:2      | Lost mutation: Your mind is acute. (Int +2) [Xom's
                  | mischief]
146996 | D:2      | XOM: summons 1 hostile demon
147068 | D:1      | XOM: summons 4 hostile shadow creatures
147297 | D:2      | XOM: summons 5 hostile demons
147298 | D:2      | Noticed a ynoxinul
147636 | D:1      | XOM: give mutations
147636 | D:1      | Lost mutation: Your flesh is very heat resistant. (rF++)
                  | [Xom's mischief]
147636 | D:1      | Lost dexterity.
147636 | D:1      | Gained mutation: You are clumsy. (Dex -2) [Xom's mischief]
147636 | D:1      | Gained mutation: Scrolls take you a little longer to read.
                  | [Xom's mischief]
147636 | D:1      | Lost mutation: You are weak. (Str -2) [Xom's mischief]
147654 | D:2      | XOM is BORED!
147654 | D:2      | XOM: give mutations
147654 | D:2      | Gained mutation: You are dopey. (Int -2) [Xom's mischief]
147654 | D:2      | Lost mutation: You can translocate small distances at will.
                  | [Xom's mischief]
147905 | D:2      | XOM: summons 5 hostile demons
148283 | D:1      | XOM: draining
150131 | D:1      | XOM is BORED!
150131 | D:1      | XOM: summons 5 hostile demons
150668 | D:2      | XOM: scenery: 1 doors open
151329 | D:2      | XOM: give mutations
151329 | D:2      | Lost mutation: You are dopey. (Int -2) [Xom's mischief]
151329 | D:2      | Gained mutation: You are dopey. (Int -2) [Xom's mischief]
151329 | D:2      | Lost mutation: Your flesh is very cold resistant. (rC++)
                  | [Xom's mischief]
151503 | D:2      | XOM: noise
151539 | D:2      | XOM: give mutations
151539 | D:2      | Lost mutation: Your flesh is heat resistant. (rF+) [Xom's
                  | mischief]
151539 | D:2      | Lost mutation: Scrolls take you a little longer to read.
                  | [Xom's mischief]
151579 | D:2      | XOM: give mutations
151579 | D:2      | Gained mutation: Scrolls take you a little longer to read.
                  | [Xom's mischief]
151579 | D:2      | Gained mutation: You are weak. (Str -2) [Xom's mischief]
151579 | D:2      | Lost mutation: You are clumsy. (Dex -2) [Xom's mischief]
151579 | D:2      | Lost mutation: You are weak. (Str -2) [Xom's mischief]
152076 | D:2      | XOM: summons 2 hostile shadow creatures
152164 | D:1      | XOM is BORED!
153663 | D:1      | XOM: cloud trail
153784 | D:1      | XOM: give mutations
153784 | D:1      | Lost mutation: You have a pair of small antennae on your
                  | head. [Xom's mischief]
153784 | D:1      | Lost mutation: Scrolls take you a little longer to read.
                  | [Xom's mischief]
153784 | D:1      | Lost mutation: Your flesh is cold resistant. (rC+) [Xom's
                  | mischief]
153784 | D:1      | Lost mutation: You are dopey. (Int -2) [Xom's mischief]
154608 | D:1      | XOM: noise
154962 | D:1      | XOM: god gift: scroll of vulnerability
155138 | D:1      | XOM: scenery: create altars
155370 | D:1      | XOM: scenery: summon butterflies
155548 | D:1      | XOM: give mutation
155548 | D:1      | Gained mutation: Your mind is acute. (Int +2) [Xom's grace]
155574 | D:1      | XOM: scenery: create altars
155739 | D:1      | XOM: give mutations
155739 | D:1      | Gained mutation: You are partially covered in iridescent
                  | scales. (AC +2) [Xom's grace]
155739 | D:1      | Gained mutation: You evolve. [Xom's grace]
155739 | D:1      | Gained mutation: You are resistant to hostile enchantments.
                  | (MR+) [Xom's grace]
157861 | D:1      | XOM: cloud trail
157879 | D:1      | XOM: divination: magic mapping
158009 | D:1      | XOM: summons 1 hostile demon
158316 | D:2      | XOM is BORED!
158316 | D:2      | XOM: give mutations
158316 | D:2      | Lost mutation: You have sharp fingernails. [Xom's mischief]
158316 | D:2      | Gained mutation: Your body sometimes deteriorates upon
                  | taking damage. [Xom's mischief]
158809 | D:2      | XOM: scenery: 1 doors close
159402 | D:2      | XOM: god gift: wand of disintegration (7)
159889 | D:2      | XOM: summons 5 hostile demons
159890 | D:2      | Noticed a rust devil
159890 | D:2      | Noticed a rust devil
159927 | D:1      | XOM: summons 3 hostile demons
160270 | D:3      | XOM: stat loss: -1 Dex (1/15)
161170 | D:3      | XOM: give mutations
161170 | D:3      | Gained mutation: You have sharp toenails. [Xom's mischief]
161170 | D:3      | Lost mutation: You are resistant to hostile enchantments.
                  | (MR+) [Xom's mischief]
161348 | D:3      | XOM: give mutations
161348 | D:3      | Lost mutation: You are partially covered in yellow scales.
                  | (AC +2) [Xom's mischief]
161348 | D:3      | Lost mutation: Your mind is acute. (Int +2) [Xom's
                  | mischief]
161348 | D:3      | Gained mutation: You are weak. (Str -2) [Xom's mischief]
161348 | D:3      | Lost mutation: You have sharp toenails. [Xom's mischief]
161791 | D:3      | XOM: summons 4 hostile shadow creatures
162444 | D:2      | XOM: give mutation
162444 | D:2      | Gained mutation: You rapidly evolve. [Xom's grace]
162860 | D:2      | XOM: silly message
162926 | D:2      | XOM is BORED!
163510 | D:2      | XOM: give mutations
163510 | D:2      | Lost dexterity.
163510 | D:2      | Gained mutation: You are clumsy. (Dex -2) [Xom's mischief]
163510 | D:2      | Lost mutation: You are clumsy. (Dex -2) [Xom's mischief]
163784 | D:2      | XOM: silly message
163800 | D:2      | XOM: give mutation
163800 | D:2      | Gained mutation: You have large cloven feet. [Xom's grace]
164412 | D:2      | XOM: noise
166030 | D:2      | XOM is BORED!
166030 | D:2      | XOM: noise
166533 | D:2      | XOM is BORED!
166937 | D:2      | XOM: noise
167882 | D:2      | XOM: torment (39/69 hp)
168116 | D:2      | XOM: give mutations
168116 | D:2      | Gained mutation: You are frail. (-10% HP) [Xom's mischief]
168116 | D:2      | Lost mutation: Your body sometimes deteriorates upon taking
                  | damage. [Xom's mischief]
168116 | D:2      | Lost mutation: You are covered in fur. (AC +1) [Xom's
                  | mischief]
168116 | D:2      | Gained mutation: You are very weak. (Str -4) [Xom's
                  | mischief]
168902 | D:2      | XOM: give mutations
168902 | D:2      | Lost mutation: You are partially covered in rugged brown
                  | scales. (AC +1, +3% HP) [Xom's mischief]
168902 | D:2      | Gained mutation: Your body sometimes deteriorates upon
                  | taking damage. [Xom's mischief]
169166 | D:2      | XOM: summons 1 hostile shadow creature
169411 | D:3      | XOM is BORED!
169739 | D:3      | XOM: give mutations
169739 | D:3      | Gained mutation: Scrolls take you a little longer to read.
                  | [Xom's mischief]
169739 | D:3      | Gained mutation: Armour fits poorly on your strangely
                  | shaped body. [Xom's mischief]
169739 | D:3      | Gained mutation: You occasionally shout uncontrollably at
                  | your foes. [Xom's mischief]
169739 | D:3      | Lost mutation: You rapidly evolve. [Xom's mischief]
170019 | D:3      | XOM: give mutations
170019 | D:3      | Gained mutation: You can translocate small distances at
                  | will. [Xom's grace]
170019 | D:3      | Gained mutation: Your mind is acute. (Int +2) [Xom's grace]
170019 | D:3      | Gained mutation: You expend magic power (3 MP) to
                  | strengthen your wands. [Xom's grace]
170019 | D:3      | Gained mutation: Your system is resistant to poisons.
                  | (rPois) [Xom's grace]
170027 | D:3      | XOM: give mutations
170027 | D:3      | Gained mutation: You have a pair of small antennae on your
                  | head. [Xom's grace]
170027 | D:3      | Gained mutation: You are resistant to electric shocks.
                  | (rElec) [Xom's grace]
170027 | D:3      | Gained mutation: Your skin changes colour to match your
                  | surroundings (Stealth+). [Xom's grace]
170027 | D:3      | Gained mutation: You are covered in fur. (AC +1) [Xom's
                  | grace]
170881 | D:3      | XOM: 1-stop teleportation journey
171008 | D:3      | XOM: scenery: summon butterflies
171102 | D:3      | XOM: god gift: pair of boots {god gift}
171559 | D:3      | XOM: divination: detect creatures
171761 | D:3      | XOM: god gift: wand of acid (11)
172000 | D:3      | XOM: god gift: fading hat {god gift}
172001 | D:3      | Got a fading hat {god gift}
172007 | D:3      | Identified the +2 hat of the Flute {*Contam +Blink +Fly
                  | Stlth+} (Xom gifted it to you on level 3 of the Dungeon)
172321 | D:3      | XOM: give mutation
172321 | D:3      | Lost mutation: You evolve. [Xom's grace]
172321 | D:3      | Gained mutation: You are somewhat resistant to further
                  | mutation. [Xom's grace]
172521 | D:3      | XOM: give mutations
172521 | D:3      | Gained mutation: Your natural rate of healing is unusually
                  | fast. [Xom's grace]
172521 | D:3      | Gained mutation: Your flesh is cold resistant. (rC+) [Xom's
                  | grace]
172534 | D:3      | XOM: cloud trail
172622 | D:3      | XOM: give mutations
172622 | D:3      | Gained mutation: Your spells are a little harder to cast,
                  | but a little more powerful. [Xom's grace]
172622 | D:3      | Gained mutation: Your flesh is heat resistant. (rF+) [Xom's
                  | grace]
172622 | D:3      | Gained mutation: You have hoof-like feet. [Xom's grace]
172622 | D:3      | Lost mutation: You are somewhat resistant to further
                  | mutation. [Xom's grace]
172622 | D:3      | Gained mutation: You evolve. [Xom's grace]
173446 | D:3      | XOM: god gift: 12 gold pieces
174090 | D:3      | XOM: god gift: potion of heal wounds
174433 | D:3      | XOM: divination: detect items
174686 | D:3      | XOM: noise
175306 | D:3      | XOM: god gift: 18 stones
175471 | D:3      | XOM is BORED!
175471 | D:3      | XOM: give mutation
175471 | D:3      | Lost mutation: Your mind is acute. (Int +2) [Xom's
                  | mischief]
176214 | D:3      | XOM: god gift: 23 stones
176645 | D:3      | XOM: cloud trail
176931 | D:3      | XOM: give mutations
176931 | D:3      | Lost mutation: Your body sometimes deteriorates upon taking
                  | damage. [Xom's mischief]
176931 | D:3      | Lost mutation: You are partially covered in iridescent
                  | scales. (AC +2) [Xom's mischief]
177112 | D:3      | XOM: god gift: blackened fluorescent wand {god gift}
177163 | D:3      | XOM: draining
177847 | D:3      | XOM: divination: magic mapping
178140 | D:3      | XOM: give mutations
178140 | D:3      | Lost mutation: Armour fits poorly on your strangely shaped
                  | body. [Xom's mischief]
178436 | D:3      | XOM: summons 1 hostile demon
179049 | D:3      | XOM: noise
179428 | D:3      | XOM: give mutations
179428 | D:3      | Lost mutation: Your spells are a little harder to cast, but
                  | a little more powerful. [Xom's mischief]
179428 | D:3      | Lost mutation: You occasionally shout uncontrollably at
                  | your foes. [Xom's mischief]
180091 | D:3      | XOM: draining
180123 | D:3      | XOM: give mutations
180123 | D:3      | Gained mutation: You are partially covered in icy blue
                  | scales. (AC +2) [Xom's grace]
180123 | D:3      | Gained mutation: You are resistant to hostile enchantments.
                  | (MR+) [Xom's grace]
180123 | D:3      | Lost mutation: You evolve. [Xom's grace]
180123 | D:3      | Gained mutation: You are somewhat resistant to further
                  | mutation. [Xom's grace]
180292 | D:3      | XOM: god gift: scroll of summoning
180563 | D:3      | XOM: give mutation
180563 | D:3      | Gained mutation: Your mind is acute. (Int +2) [Xom's grace]
180651 | D:3      | XOM is BORED!
180929 | D:3      | XOM: summons 5 hostile demons
181204 | D:4      | XOM: give mutation
181204 | D:4      | Lost mutation: You can translocate small distances at will.
                  | [Xom's mischief]
181242 | D:4      | XOM: noise
182131 | D:4      | XOM: silly message
182260 | D:4      | XOM: silly message
182618 | D:4      | XOM: draining
182837 | D:4      | XOM: silly message
183001 | D:4      | XOM: summons 1 hostile shadow creature
183207 | D:3      | XOM: noise
183278 | D:3      | XOM: divination: detect items
183315 | D:3      | XOM is BORED!
183315 | D:3      | XOM: noise
183930 | D:3      | XOM: give mutations
183930 | D:3      | Lost mutation: Your system is resistant to poisons. (rPois)
                  | [Xom's mischief]
183930 | D:3      | Lost mutation: You expend magic power (3 MP) to strengthen
                  | your wands. [Xom's mischief]
184062 | D:3      | XOM: stat loss: -1 Int (10/17)
184137 | D:3      | XOM: summons 2 hostile shadow creatures
184317 | D:3      | XOM is BORED!
184317 | D:3      | XOM: give mutations
184317 | D:3      | Lost mutation: Scrolls take you a little longer to read.
                  | [Xom's mischief]
184317 | D:3      | Lost mutation: Your flesh is cold resistant. (rC+) [Xom's
                  | mischief]
184365 | D:3      | XOM: cloud trail
184945 | D:3      | XOM: divination: magic mapping
185139 | D:3      | XOM: cloud trail
186107 | D:3      | XOM: give mutations
186107 | D:3      | Lost mutation: You are very weak. (Str -4) [Xom's mischief]
186107 | D:3      | Lost mutation: You are covered in fur. (AC +1) [Xom's
                  | mischief]
186107 | D:3      | Lost mutation: Your mind is acute. (Int +2) [Xom's
                  | mischief]
186626 | D:3      | XOM: god gift: glowing double sword {god gift}
186943 | D:3      | XOM: noise
187753 | D:3      | XOM is BORED!
187753 | D:3      | XOM: summons 2 hostile demons
188059 | D:4      | XOM: stat loss: -1 Int (7/15)
188616 | D:4      | XOM: noise
188695 | D:4      | XOM: god gift: 22 stones
188909 | D:4      | XOM: scenery: summon butterflies
189041 | D:4      | XOM: divination: detect creatures
189085 | D:4      | XOM: scenery: create altars
189182 | D:4      | XOM: give mutation
189182 | D:4      | Lost mutation: Your flesh is heat resistant. (rF+) [Xom's
                  | mischief]
190299 | D:4      | XOM: cloud trail
190359 | D:4      | XOM: give mutations
190359 | D:4      | Gained mutation: You are mostly covered in icy blue scales.
                  | (AC +3) [Xom's grace]
190359 | D:4      | Gained mutation: You possess an exceptional clarity of
                  | mind. [Xom's grace]
190431 | D:4      | XOM: scenery: summon butterflies
190667 | D:4      | XOM: god gift: gnarled glowing staff {god gift}
191041 | D:4      | XOM: scenery: summon butterflies
191433 | D:4      | XOM: give mutation
191433 | D:4      | Lost mutation: You are weak. (Str -2) [Xom's grace]
191672 | D:4      | XOM: silly message
192566 | D:4      | XOM: silly message
192983 | D:4      | XOM: summons 1 hostile demon
193179 | D:3      | XOM: give mutation
193179 | D:3      | Lost mutation: You are frail. (-10% HP) [Xom's mischief]
193673 | D:3      | XOM: cloud trail
194345 | D:3      | XOM: give mutations
194345 | D:3      | Lost mutation: You have a pair of small antennae on your
                  | head. [Xom's mischief]
194345 | D:3      | Lost mutation: Your natural rate of healing is unusually
                  | fast. [Xom's mischief]
194345 | D:3      | Lost mutation: You are somewhat resistant to further
                  | mutation. [Xom's mischief]
194345 | D:3      | Gained mutation: You are dopey. (Int -2) [Xom's mischief]
194673 | D:3      | XOM is BORED!
194673 | D:3      | XOM: noise
194679 | D:3      | XOM: give mutation
194679 | D:3      | Gained mutation: Your body sometimes deteriorates upon
                  | taking damage. [Xom's mischief]
195313 | D:3      | XOM is BORED!
195313 | D:3      | Lost dexterity.
195313 | D:3      | XOM: torment (38/67 hp)
195958 | D:3      | XOM is BORED!
195958 | D:3      | XOM: give mutations
195958 | D:3      | Gained mutation: You are clumsy. (Dex -2) [Xom's mischief]
195958 | D:3      | Lost mutation: You are mostly covered in icy blue scales.
                  | (AC +3) [Xom's mischief]
195958 | D:3      | Lost mutation: You are dopey. (Int -2) [Xom's mischief]
195958 | D:3      | Lost mutation: You are clumsy. (Dex -2) [Xom's mischief]
196085 | D:3      | XOM: give mutations
196085 | D:3      | Gained mutation: You are frail. (-10% HP) [Xom's mischief]
196085 | D:3      | Lost mutation: You are frail. (-10% HP) [Xom's mischief]
196937 | D:3      | XOM: summons 5 hostile demons
197176 | D:4      | XOM: give mutation
197176 | D:4      | Gained mutation: You are weak. (Str -2) [Xom's mischief]
198643 | D:4      | XOM: silly message
199043 | D:4      | XOM: summons 5 hostile demons
199044 | D:4      | Noticed a hellwing
199138 | D:3      | XOM: give mutations
199138 | D:3      | Gained mutation: You are clumsy. (Dex -2) [Xom's mischief]
199138 | D:3      | Gained mutation: You are very weak. (Str -4) [Xom's
                  | mischief]
199138 | D:3      | Lost mutation: You are resistant to hostile enchantments.
                  | (MR+) [Xom's mischief]
199138 | D:3      | Lost mutation: You are clumsy. (Dex -2) [Xom's mischief]
199341 | D:3      | XOM: give mutations
199341 | D:3      | Gained mutation: You are covered in fur. (AC +1) [Xom's
                  | grace]
199341 | D:3      | Gained mutation: Your flesh is heat resistant. (rF+) [Xom's
                  | grace]
199341 | D:3      | Gained mutation: You have sharp fingernails. [Xom's grace]
199512 | D:3      | XOM is BORED!
199512 | D:3      | XOM: noise
199955 | D:3      | XOM: god gift: scroll labeled YJAEQE XOEH {god gift}
200151 | D:3      | XOM: cloud trail
200199 | D:3      | XOM: give mutations
200199 | D:3      | Gained mutation: Your movements are slightly less
                  | encumbered by armour. (ER -2) [Xom's grace]
200199 | D:3      | Gained mutation: You have a pair of small antennae on your
                  | head. [Xom's grace]
200199 | D:3      | Gained mutation: You are somewhat resistant to further
                  | mutation. [Xom's grace]
200296 | D:3      | XOM: summons 2 hostile shadow creatures
200424 | D:4      | XOM is BORED!
200552 | D:4      | XOM: give mutations
200552 | D:4      | Lost mutation: Your body sometimes deteriorates upon taking
                  | damage. [Xom's mischief]
200552 | D:4      | Lost mutation: You have a pair of small antennae on your
                  | head. [Xom's mischief]
200552 | D:4      | Lost mutation: You possess an exceptional clarity of mind.
                  | [Xom's mischief]
200552 | D:4      | Lost mutation: Your flesh is heat resistant. (rF+) [Xom's
                  | mischief]
200949 | D:4      | XOM: god gift: book of Flames
201657 | D:4      | XOM: give mutations
201657 | D:4      | Gained mutation: Your mind is acute. (Int +2) [Xom's grace]
201657 | D:4      | Gained mutation: Your spells are a little harder to cast,
                  | but a little more powerful. [Xom's grace]
201657 | D:4      | Gained mutation: Your mind is very acute. (Int +4) [Xom's
                  | grace]
201657 | D:4      | Gained mutation: You expend magic power (3 MP) to
                  | strengthen your wands. [Xom's grace]
202264 | D:4      | XOM: cloud trail
203172 | D:4      | XOM: god gift: scroll of fear
203542 | D:4      | XOM: summons 5 hostile demons
203543 | D:4      | Noticed a hellwing
203711 | D:3      | XOM is BORED!
203711 | D:3      | XOM: give mutations
203711 | D:3      | Lost mutation: Your mind is very acute. (Int +4) [Xom's
                  | mischief]
203711 | D:3      | Lost mutation: You have hoof-like feet. [Xom's mischief]
203711 | D:3      | Gained mutation: You are frail. (-10% HP) [Xom's mischief]
203711 | D:3      | Lost mutation: You are somewhat resistant to further
                  | mutation. [Xom's mischief]
204175 | D:3      | XOM: give mutations
204175 | D:3      | Lost mutation: You are frail. (-10% HP) [Xom's mischief]
204175 | D:3      | Lost mutation: You have large cloven feet. [Xom's mischief]
204175 | D:3      | Lost mutation: You are very weak. (Str -4) [Xom's mischief]
204175 | D:3      | Lost mutation: Your mind is acute. (Int +2) [Xom's
                  | mischief]
204652 | D:3      | XOM: torment (38/67 hp)
204736 | D:3      | XOM is BORED!
204736 | D:3      | XOM: give mutation
204736 | D:3      | Gained mutation: Your body sometimes deteriorates upon
                  | taking damage. [Xom's mischief]
205229 | D:3      | XOM: give mutations
205229 | D:3      | Gained mutation: Your body often deteriorates upon taking
                  | damage. [Xom's mischief]
205229 | D:3      | Gained mutation: You do not regenerate when monsters are
                  | visible. [Xom's mischief]
205229 | D:3      | Lost mutation: Your body often deteriorates upon taking
                  | damage. [Xom's mischief]
205249 | D:3      | XOM: stat loss: -1 Str (10/19)
205579 | D:3      | XOM: give mutations
205579 | D:3      | Gained mutation: You are frail. (-10% HP) [Xom's mischief]
205579 | D:3      | Lost mutation: You are frail. (-10% HP) [Xom's mischief]
205752 | D:3      | XOM: 5-stop teleportation journey
206212 | D:2      | XOM: give mutations
206212 | D:2      | Lost mutation: You expend magic power (3 MP) to strengthen
                  | your wands. [Xom's mischief]
206212 | D:2      | Gained mutation: Your flesh is heat resistant. (rF+) [Xom's
                  | mischief]
206212 | D:2      | Lost mutation: You are resistant to electric shocks.
                  | (rElec) [Xom's mischief]
206212 | D:2      | Lost mutation: You are covered in fur. (AC +1) [Xom's
                  | mischief]
206220 | D:2      | XOM: noise
206269 | D:2      | XOM: give mutation
206851 | D:2      | XOM: give mutations
206851 | D:2      | Gained mutation: You expend magic power (3 MP) to
                  | strengthen your wands. [Xom's grace]
206851 | D:2      | Gained mutation: Your flesh is cold resistant. (rC+) [Xom's
                  | grace]
206901 | D:2      | XOM: god gift: pair of embroidered gloves {god gift}
206960 | D:2      | XOM: silly message
207691 | D:2      | XOM: silly message
207887 | D:2      | XOM: divination: detect creatures
208624 | D:2      | XOM is BORED!
208745 | D:2      | XOM: god gift: scroll of immolation
209396 | D:2      | XOM: summons 3 hostile demons
209687 | D:3      | XOM: summons 1 hostile demon
210279 | D:3      | XOM: god gift: glowing scythe {god gift}
211285 | D:3      | XOM: silly message
211424 | D:3      | XOM is BORED!
212011 | D:3      | XOM: cloud trail
212047 | D:3      | XOM: silly message
212184 | D:3      | XOM: divination: detect creatures
212351 | D:3      | XOM: noise
212673 | D:3      | XOM is BORED!
212673 | D:3      | XOM: noise
213935 | D:3      | XOM: divination: magic mapping
214653 | D:3      | XOM is BORED!
214653 | D:3      | XOM: stat loss: -3 Str (7/19)
215996 | D:3      | XOM: summons 5 hostile demons
215997 | D:3      | Noticed a sun demon
216103 | D:2      | XOM is BORED!
216889 | D:2      | XOM: give mutation
216889 | D:2      | Lost mutation: Your flesh is heat resistant. (rF+) [Xom's
                  | mischief]
217223 | D:2      | XOM: silly message
217252 | D:2      | XOM: summons 1 hostile demon
217708 | D:3      | XOM: give mutations
217708 | D:3      | Lost mutation: You are weak. (Str -2) [Xom's mischief]
217708 | D:3      | Gained mutation: You are frail. (-10% HP) [Xom's mischief]
217708 | D:3      | Lost mutation: You are frail. (-10% HP) [Xom's mischief]
218045 | D:3      | XOM: summons 5 hostile demons
218046 | D:3      | Noticed a hellwing
218046 | D:3      | Noticed a soul eater
218398 | D:2      | XOM: stat loss: -1 Str (8/21)
218520 | D:2      | XOM: give mutations
218520 | D:2      | Gained mutation: You have large cloven feet. [Xom's grace]
218520 | D:2      | Gained mutation: Your flesh is very cold resistant. (rC++)
                  | [Xom's grace]
218685 | D:2      | XOM: summons 3 hostile shadow creatures
218999 | D:3      | XOM: cloud trail
219526 | D:3      | XOM: noise
219576 | D:3      | XOM: god gift: 55 gold pieces
219823 | D:3      | XOM: summons 2 hostile shadow creatures
220130 | D:2      | XOM is BORED!
220130 | D:2      | XOM: noise
221103 | D:2      | XOM is BORED!
221103 | D:2      | XOM: stat loss: -2 Int (5/15)
221329 | D:2      | XOM: give mutation
221329 | D:2      | Gained mutation: You are robust. (+10% HP) [Xom's grace]
221488 | D:2      | XOM is BORED!
221488 | D:2      | XOM: draining
221520 | D:2      | XOM: give mutations
221520 | D:2      | Gained mutation: You are partially covered in large bone
                  | plates. (SH +4) [Xom's grace]
221520 | D:2      | Gained mutation: You are covered in fur. (AC +1) [Xom's
                  | grace]
221520 | D:2      | Gained mutation: You can translocate small distances at
                  | will. [Xom's grace]
221520 | D:2      | Gained mutation: You have hoof-like feet. [Xom's grace]
221560 | D:2      | XOM: god gift: box of beasts
221839 | D:2      | XOM: silly message
222119 | D:2      | XOM is BORED!
222567 | D:2      | XOM: summons 5 hostile demons
223118 | D:3      | XOM: summons 3 hostile shadow creatures
223126 | D:2      | XOM: summons 2 hostile demons
223208 | D:3      | XOM: summons 4 hostile shadow creatures
223293 | D:2      | XOM: summons 2 hostile shadow creatures
223578 | D:2      | XOM: give mutations
223578 | D:2      | Lost mutation: Your body sometimes deteriorates upon taking
                  | damage. [Xom's mischief]
223578 | D:2      | Lost mutation: Your flesh is very cold resistant. (rC++)
                  | [Xom's mischief]
223578 | D:2      | Lost mutation: You expend magic power (3 MP) to strengthen
                  | your wands. [Xom's mischief]
224021 | D:2      | XOM: summons 1 hostile shadow creature
224620 | D:2      | XOM: give mutations
224620 | D:2      | Gained mutation: You are agile. (Dex +2) [Xom's grace]
224620 | D:2      | Gained mutation: Your skin blends seamlessly with your
                  | surroundings (Stealth++). [Xom's grace]
224620 | D:2      | Gained mutation: Your flesh is very cold resistant. (rC++)
                  | [Xom's grace]
225195 | D:2      | XOM: summons 5 hostile demons
225586 | D:3      | XOM: give mutations
225586 | D:3      | Lost mutation: Your movements are slightly less encumbered
                  | by armour. (ER -2) [Xom's mischief]
225586 | D:3      | Lost mutation: You are agile. (Dex +2) [Xom's mischief]
226474 | D:3      | XOM: divination: detect items
227634 | D:3      | XOM: cloud trail
227943 | D:3      | XOM: scenery: summon butterflies
228113 | D:3      | XOM: silly message
228338 | D:3      | XOM: god gift: pair of runed gloves {god gift}
228564 | D:3      | XOM: scenery: summon butterflies
229108 | D:3      | XOM: god gift: 490 gold pieces
229130 | D:3      | XOM: scenery: create altars
229446 | D:3      | XOM: silly message
229654 | D:3      | XOM: divination: detect items
230298 | D:3      | XOM: noise
231520 | D:3      | XOM: silly message
232048 | D:3      | XOM: silly message
232298 | D:3      | XOM: noise
232715 | D:3      | XOM is BORED!
233231 | D:3      | XOM: divination: detect creatures
234125 | D:3      | XOM: give mutations
234125 | D:3      | Lost mutation: Your flesh is very cold resistant. (rC++)
                  | [Xom's mischief]
234125 | D:3      | Lost mutation: You do not regenerate when monsters are
                  | visible. [Xom's mischief]
234125 | D:3      | Gained mutation: You are dopey. (Int -2) [Xom's mischief]
234125 | D:3      | Lost mutation: You have hoof-like feet. [Xom's mischief]
234244 | D:3      | XOM: cloud trail
234388 | D:3      | XOM: divination: detect items
234512 | D:3      | XOM is BORED!
234591 | D:3      | XOM: give mutations
234591 | D:3      | Gained mutation: You are very robust. (+20% HP) [Xom's
                  | grace]
234591 | D:3      | Gained mutation: You are agile. (Dex +2) [Xom's grace]
234591 | D:3      | Gained mutation: You have a pair of small horns on your
                  | head. [Xom's grace]
235462 | D:3      | XOM: give mutations
235462 | D:3      | Gained mutation: You possess an exceptional clarity of
                  | mind. [Xom's grace]
235462 | D:3      | Gained mutation: Your natural rate of healing is unusually
                  | fast. [Xom's grace]
235462 | D:3      | Gained mutation: Your movements are slightly less
                  | encumbered by armour. (ER -2) [Xom's grace]
235462 | D:3      | Lost mutation: You are dopey. (Int -2) [Xom's grace]
235802 | D:3      | XOM: give mutations
235802 | D:3      | Gained mutation: You have hoof-like feet. [Xom's grace]
235802 | D:3      | Gained mutation: You expend magic power (3 MP) to
                  | strengthen your wands. [Xom's grace]
236133 | D:3      | XOM: scenery: summon butterflies
236256 | Temple   | Fell from the grace of Xom
236256 | Temple   | Became a worshipper of Zin the Law-Giver
236256 | Temple   | Reached * piety under Zin
236256 | Temple   | Reached ** piety under Zin
236614 | D:6      | XOM: blink monster(s)
236800 | D:7      | Reached XP level 9. HP: 86/86 MP: 14/14
236845 | D:7      | XOM: swap monsters
236860 | D:7      | Found a hide-covered altar of Uskayaw.
236909 | D:7      | Found a basalt altar of Yredelemnul.
236910 | D:7      | Found a hazy altar of Hepliaklqana.
236910 | D:7      | Found a bloodstained altar of Trog.
237123 | D:7      | Found a runed translucent door.
237124 | D:7      | Noticed Crazy Yiuf
237142 | D:7      | XOM: noise
237201 | D:7      | XOM: noise
237304 | D:7      | Reached *** piety under Zin
237347 | D:7      | Reached skill level 5 in Dodging
237367 | D:7      | XOM: give mutations
237367 | D:7      | Lost mutation: You are very robust. (+20% HP) [Xom's
                  | mischief]
237367 | D:7      | Lost mutation: Your movements are slightly less encumbered
                  | by armour. (ER -2) [Xom's mischief]
237544 | D:7      | Killed Crazy Yiuf
237674 | D:8      | Found a staircase to the Lair.
237748 | D:8      | Noticed a gargoyle
237751 | D:8      | Killed a gargoyle
237751 | D:8      | Reached skill level 5 in Invocations
238158 | D:9      | Noticed Grum
238195 | D:8      | Reached XP level 10. HP: 60/88 MP: 17/17
238477 | D:8      | Killed Grum
238593 | D:9      | Reached skill level 5 in Short Blades
238593 | D:9      | Reached skill level 5 in Long Blades
238593 | D:9      | Reached skill level 5 in Axes
238593 | D:9      | Reached skill level 5 in Polearms
238593 | D:9      | Reached skill level 5 in Staves
238593 | D:9      | Reached skill level 5 in Slings
238593 | D:9      | Reached skill level 5 in Bows
238593 | D:9      | Reached skill level 5 in Crossbows
238593 | D:9      | Reached skill level 5 in Throwing
238593 | D:9      | Reached skill level 5 in Stealth
238593 | D:9      | Reached skill level 5 in Shields
238593 | D:9      | Reached skill level 5 in Unarmed Combat
238593 | D:9      | Reached skill level 5 in Spellcasting
238593 | D:9      | Reached skill level 5 in Evocations
238631 | D:9      | Reached **** piety under Zin
238661 | D:9      | Found a flagged portal.
238680 | Bailey   | Entered a bailey
238807 | Bailey   | XOM: silly message
238842 | Bailey   | XOM: silly message
238941 | Bailey   | Learned a level 3 spell: Tukima's Dance
238997 | Bailey   | Noticed an orc knight
239014 | Bailey   | Noticed an orc knight
239116 | Bailey   | Noticed an orc knight
239175 | Bailey   | Noticed an orc knight
239192 | Bailey   | Killed an orc knight
239205 | Bailey   | Killed an orc knight
239251 | Bailey   | Killed an orc knight
239285 | Bailey   | XOM: silly message
239290 | Bailey   | Killed an orc knight
239290 | Bailey   | Reached XP level 11. HP: 32/95 MP: 5/19
239364 | Bailey   | XOM: chaos upgrade
239416 | Bailey   | Noticed an orc warlord
239430 | Bailey   | Killed an orc warlord
239528 | Bailey   | Reached ***** piety under Zin
239738 | D:6      | Bought the +27 Lear's hauberk for 1951 gold pieces
239738 | D:6      | Found the +27 Lear's hauberk
239772 | D:6      | Reached skill level 5 in Conjurations
239772 | D:6      | Reached skill level 5 in Hexes
239772 | D:6      | Reached skill level 5 in Charms
239772 | D:6      | Reached skill level 5 in Summonings
239772 | D:6      | Reached skill level 5 in Necromancy
239772 | D:6      | Reached skill level 5 in Translocations
239772 | D:6      | Reached skill level 5 in Transmutations
239772 | D:6      | Reached skill level 5 in Fire Magic
239772 | D:6      | Reached skill level 5 in Ice Magic
239772 | D:6      | Reached skill level 5 in Air Magic
239772 | D:6      | Reached skill level 5 in Earth Magic
239772 | D:6      | Reached skill level 5 in Poison Magic
239772 | D:6      | Reached XP level 12. HP: 105/105 MP: 20/22
239773 | D:6      | Reached XP level 13. HP: 113/113 MP: 20/24
239820 | Lair:1   | Entered Level 1 of the Lair of Beasts
239874 | Lair:1   | Reached skill level 10 in Fighting
239874 | Lair:1   | Reached skill level 10 in Maces & Flails
239945 | Lair:1   | Noticed Sonja
239954 | Lair:1   | Killed Sonja
240689 | Lair:2   | Found a gate leading to a gauntlet.
240726 | Gauntlet | Entered a Gauntlet
240726 | Gauntlet | Found a transporter.
240734 | Gauntlet | XOM: give mutation
240742 | Gauntlet | Found a transporter.
240744 | Gauntlet | Found a transporter.
240753 | Gauntlet | Found a transporter.
240755 | Gauntlet | Found a transporter.
240766 | Gauntlet | Found a transporter.
240782 | Gauntlet | Found a transporter.
240792 | Gauntlet | Found a transporter.
240802 | Gauntlet | Found a transporter.
240804 | Gauntlet | Found a runed translucent door.
240804 | Gauntlet | Found a runed translucent door.
240818 | Gauntlet | Found a transporter.
240828 | Gauntlet | Found a transporter.
240830 | Gauntlet | Found a transporter.
240890 | Gauntlet | Found a transporter.
240924 | Gauntlet | Got a shimmering iron ring
240926 | Gauntlet | Identified the ring "Saxueron" {rC+ rN++ Str+4 Dex-4
                  | Slay+6} (You found it in a Gauntlet)
240953 | Gauntlet | Got a brightly glowing hat
241078 | Gauntlet | Noticed a minotaur
241089 | Gauntlet | Killed a minotaur
241096 | Gauntlet | Identified the Tome of the Hidden Priests
241878 | Lair:3   | Found a runed translucent gate.
241878 | Lair:3   | Found a runed translucent gate.
241879 | Lair:3   | Found a runed translucent gate.
241881 | Lair:3   | Noticed Miritol's ghost (journeyman KoBr)
241882 | Lair:3   | Noticed a minotaur
241923 | Lair:3   | Killed a minotaur
241923 | Lair:3   | Reached XP level 14. HP: 86/122 MP: 26/26
242419 | Lair:3   | XOM: give mutations
242419 | Lair:3   | Lost mutation: You have hoof-like feet. [Xom's mischief]
243301 | Lair:3   | XOM: polymorph komodo dragon -> shapeshifter
243309 | Lair:3   | Killed Miritol's ghost
243407 | Lair:3   | XOM: give mutations
243613 | Lair:3   | XOM: summons 1 hostile demon
243832 | Lair:3   | Was forgiven by Xom
243858 | Lair:3   | Found a staircase to the Shoals.
244061 | Lair:3   | Upgraded the game from 0.26-a0-291-g3d11bbfad5 to
                  | 0.26-a0-362-g1d9a9cd4fa
244116 | Lair:4   | Found a staircase to the Snake Pit.
245040 | Lair:5   | Reached skill level 10 in Armour
245412 | Lair:5   | Reached ****** piety under Zin
245572 | Lair:5   | You fall into a shaft and drop 1 floor!
245572 | Lair:6   | Entered Level 6 of the Lair of Beasts
245811 | Lair:5   | Found a large runed translucent door.
245812 | Lair:5   | Found a large runed translucent door.
245814 | Lair:5   | Noticed Xeugap's ghost (journeyman VSWn)
245836 | Lair:5   | Killed Xeugap's ghost
245935 | Lair:6   | Noticed Snorg
245947 | Lair:6   | Killed Snorg
245947 | Lair:6   | Reached skill level 10 in Invocations
246243 | Lair:6   | Found a staircase to the Slime Pits.
246749 | Lair:6   | Noticed a dire elephant
246770 | Lair:6   | Killed a dire elephant
246770 | Lair:6   | Reached XP level 15. HP: 85/130 MP: 28/28
247136 | Lair:6   | Learned a level 2 spell: Passwall
247138 | Lair:6   | Learned a level 1 spell: Apportation
247360 | D:9      | Noticed Maurice
247646 | D:9      | Noticed Prince Ribbit
247658 | D:9      | Killed Prince Ribbit
247995 | D:10     | Entered Level 10 of the Dungeon
248023 | D:10     | Killed Maurice
248032 | D:10     | Identified the cursed +0 hat "Qoss" {rF+ MR+ Int+4 Dex-3}
                  | (You found it in a Gauntlet)
248107 | D:10     | Noticed Erolcha
248116 | D:10     | Killed Erolcha
248116 | D:10     | Reached skill level 10 in Dodging
248257 | D:10     | Noticed Joseph
248263 | D:10     | Killed Joseph
248400 | D:10     | Identified the +2 buckler "Ticwotao" {-Tele MR++ Str+4}
248641 | D:10     | Noticed Urug
248656 | D:10     | Killed Urug
249549 | D:12     | Found a staircase to the Orcish Mines.
250200 | Orc:1    | Entered Level 1 of the Orcish Mines
250366 | Orc:2    | Entered Level 2 of the Orcish Mines
250375 | Orc:2    | Noticed Rupert
250438 | Orc:1    | Found Itsimydgh's Armour Shop.
250466 | Orc:1    | Bought a +10 plate armour of ponderousness for 700 gold
                  | pieces
250628 | Orc:2    | Found a staircase to the Elven Halls.
250641 | Orc:2    | Reached skill level 10 in Short Blades
250641 | Orc:2    | Reached skill level 10 in Long Blades
250641 | Orc:2    | Reached skill level 10 in Axes
250641 | Orc:2    | Reached skill level 10 in Polearms
250641 | Orc:2    | Reached skill level 10 in Staves
250641 | Orc:2    | Reached skill level 10 in Slings
250641 | Orc:2    | Reached skill level 10 in Bows
250641 | Orc:2    | Reached skill level 10 in Crossbows
250641 | Orc:2    | Reached skill level 10 in Throwing
250641 | Orc:2    | Reached skill level 10 in Stealth
250641 | Orc:2    | Reached skill level 10 in Shields
250641 | Orc:2    | Reached skill level 10 in Unarmed Combat
250641 | Orc:2    | Reached skill level 10 in Spellcasting
250641 | Orc:2    | Reached skill level 10 in Evocations
250854 | Orc:2    | Killed Rupert
251141 | Orc:2    | Found Sijuug's General Store.
251175 | Orc:2    | Found Koshefro's Distillery.
251232 | Orc:2    | Bought a scroll of acquirement for 572 gold pieces
251232 | Orc:2    | Acquired a +2 vorpal executioner's axe
251236 | Orc:2    | Bought a potion of curing for 42 gold pieces
251236 | Orc:2    | Bought 2 potions of might for 112 gold pieces
251236 | Orc:2    | Bought a potion of curing for 42 gold pieces
251236 | Orc:2    | Bought a potion of might for 56 gold pieces
251236 | Orc:2    | Bought a potion of haste for 140 gold pieces
251236 | Orc:2    | Bought a potion of might for 56 gold pieces
251236 | Orc:2    | Bought a potion of curing for 42 gold pieces
251266 | Orc:2    | Reached XP level 16. HP: 113/139 MP: 30/30
251640 | Orc:2    | Found Todyen's Antique Armour Boutique.
251640 | Orc:2    | Found a one-way gate leading to the halls of Pandemonium.
251640 | Orc:2    | Found Sybuics's Gadget Shop.
252259 | D:13     | Found a gate to the Vaults.
252515 | D:13     | Found Kuduresa's Magic Scroll Shop.
252522 | D:13     | Bought a scroll of fear for 56 gold pieces
252522 | D:13     | Bought a scroll of fog for 32 gold pieces
252580 | D:14     | Found a shadowy altar of Dithmenos.
253893 | D:15     | Entered Level 15 of the Dungeon
253893 | D:15     | Found Reseb's Weapon Shop.
254051 | D:15     | Found a staircase to the Depths.
254295 | D:15     | Reached XP level 17. HP: 148/148 MP: 31/31
254492 | D:15     | Found the +7 mace of Variability {chain chaos}
254492 | D:15     | Found a shimmering altar of Xom.
254954 | Snake:1  | Entered Level 1 of the Snake Pit
255284 | Snake:1  | Found a sacrificial altar of Ru.
256349 | Snake:2  | Found Koez's Jewellery Boutique.
256349 | Snake:2  | Found Hona's General Store.
256349 | Snake:2  | Found Nenoit's Distillery.
256349 | Snake:2  | Found Rapneh's Jewellery Shop.
256655 | Snake:2  | Bought a scroll of enchant weapon for 82 gold pieces
256664 | Snake:2  | Bought a potion of heal wounds for 70 gold pieces
256664 | Snake:2  | Bought a potion of heal wounds for 70 gold pieces
256664 | Snake:2  | Bought a potion of might for 56 gold pieces
256664 | Snake:2  | Bought a potion of curing for 42 gold pieces
256664 | Snake:2  | Bought 2 potions of berserk rage for 140 gold pieces
256667 | Snake:2  | Bought the ring of the Circus Animal {Wiz rC+} for 704 gold
                  | pieces
256908 | Snake:2  | Found a runed translucent door.
256908 | Snake:2  | Found a shimmering altar of Xom.
256908 | Snake:2  | Noticed KristoblXynda's ghost (journeyman TrMo)
256979 | Snake:2  | Noticed Saint Roka
256995 | Snake:2  | Killed Saint Roka
257237 | Snake:2  | Noticed Aizul
257252 | Snake:2  | Killed Aizul
257252 | Snake:2  | Reached XP level 18. HP: 116/157 MP: 33/33
257259 | Snake:2  | Learned a level 5 spell: Silence
257354 | Snake:2  | Reached skill level 10 in Conjurations
257354 | Snake:2  | Reached skill level 10 in Hexes
257354 | Snake:2  | Reached skill level 10 in Summonings
257354 | Snake:2  | Reached skill level 10 in Necromancy
257354 | Snake:2  | Reached skill level 10 in Translocations
257354 | Snake:2  | Reached skill level 10 in Transmutations
257354 | Snake:2  | Reached skill level 10 in Fire Magic
257354 | Snake:2  | Reached skill level 10 in Ice Magic
257354 | Snake:2  | Reached skill level 10 in Air Magic
257354 | Snake:2  | Reached skill level 10 in Earth Magic
257354 | Snake:2  | Reached skill level 10 in Poison Magic
258351 | Snake:3  | Found a runed translucent gate.
258351 | Snake:3  | Found a runed translucent gate.
258351 | Snake:3  | Found a runed translucent gate.
258524 | Snake:4  | Entered Level 4 of the Snake Pit
258577 | Snake:4  | HP: 7/157 [guardian serpent (12)]
258580 | Snake:4  | Found Luicost's Antique Armour Shop.
258595 | Snake:4  | HP: 5/158 [naga warrior/+0 halberd (18)]
259021 | Snake:4  | Found Iketeuni's Armour Boutique.
259044 | Snake:4  | Found Juiduw's Antique Weapon Shop.
259175 | Snake:4  | Bought the +8 frozen axe "Frostbite" {freezing cloud,
                  | *Noise +Fly rC+} for 2259 gold pieces
259175 | Snake:4  | Found the +8 frozen axe "Frostbite" {freezing cloud, *Noise
                  | +Fly rC+}
259337 | Snake:4  | HP: 3/158 [anaconda (12)]
259527 | Snake:4  | Found Bunux's Armour Shop.
259683 | Snake:4  | Reached XP level 19. HP: 153/165 MP: 35/35
260041 | Snake:4  | HP: 8/166 [poisoned by a naga mage (splash of poison)]
260041 | Snake:4  | Slain by a nagaraja

Illustrated notes

Levels and vault maps discovered:
D:1:      minmay_arrival_wavy_path, layout_loops_ring
D:2:      layout_basic, nicolae_overflow_crystal_walls, makhleb_grotto_becter,
          gammafunk_temple_overflow_pools,
          chequers_temple_overflow_statue_of_worship,
          chequers_ecumenical_altar_simple_redux, uniq_sigmund
D:3:      layout_rooms, gammafunk_temple_overflow_arena, moated_statue,
          minmay_cut_off
D:4:      kennysheep_slugbush, layout_basic, minmay_temple_entry_glass,
          serial_shops, shop
D:5:      layout_rooms, nicolae_gozag_cash_rules_everything_around_me,
          wad_floor_pattern_untrapped
D:6:      kennysheep_spiral_hall, layout_basic, portal_sewer_entry_e,
          serial_shops, nicolae_shop_crystal, uniq_edmund
D:7:      layout_gridville, grunt_temple_overflow_open, uniq_crazy_yiuf_cottage
D:8:      layout_rooms, lair_entry_dummy
D:9:      layout_loops_ring, enter_bailey_3, roderic_filled_cross,
          lightli_orcish_oven, uniq_maurice, uniq_grum, uniq_prince_ribbit1
D:10:     layout_irregular_city, kennysheep_cross_room,
          kennysheep_generic_room_16, uniq_urug, uniq_joseph, uniq_erolcha
D:11:     layout_gridville, hangedman_little_slice_of_home
D:12:     layout_loops_ring
D:13:     layout_rooms, david_vaults_4, serial_shops, nicolae_shop_crystal
D:14:     hangedman_what_comes_after_a, layout_basic, grunt_dithmenos_smoke
D:15:     grunt_enter_depths_snipers, layout_loops_cross, serial_shops,
          shop_statue, corexii_leaking_fountain, chequers_garden,
          minmay_guarded_unrand_variability
Temple:   jpeg_temple_alley_garden
Lair:1:   lemuel_slime, layout_chaotic_city, grunt_megastairs_5,
          serial_bayou_shore_b, lemuel_fruit_tree, uniq_sonja
Lair:2:   layout_gridlike, serial_forest, infiniplex_forest_clump_cross,
          infiniplex_forest_clump_tiny, infiniplex_forest_clump_tiny,
          infiniplex_forest_end_2, infiniplex_forest_clump_long,
          infiniplex_forest_clump_double, infiniplex_forest_zigzag_1,
          gauntlet_entry_generic
Lair:3:   layout_hall_layers, elwin_shoals_entry_rooms,
          maelrawn_ghost_gauntlet_escape, serial_bayou_lake_a
Lair:4:   layout_roguey, dummy_snake_entry
Lair:5:   layout_loops_ring, ebering_ghost_disaster_area,
          minmay_lair_oklob_chamber
Lair:6:   due_jungle_book, layout_loops_ring, dpeg_slime_entry_corner,
          minivault_25, uniq_snorg
Snake:1:  layout_basic, basic_altar, grunt_ministairs_9, st_stairs_9,
          serial_bayou_shore_a
Snake:2:  layout_grid_maze, ebering_ghost_xom, nicolae_snake_single_loop,
          evilmike_ambush [evilmike_ambush_outer_basic,
          evilmike_ambush_inner_pond], minmay_shoptagon, uniq_saint_roka,
          uniq_aizul
Snake:3:  layout_rooms, nicolae_snake_horde_hoard, grunt_megastairs_3
Snake:4:  grunt_snake_rune_serpentine_throne, layout_cave_town, serial_shops,
          shop, shop_statue, nicolae_shop_waterfront, shop_coins
Orc:1:    layout_caves, serial_shops, shop
Orc:2:    pf_orc_diabolical, layout_caves, uniq_rupert

Skill      XL: |  1  2  3  4  5  6  7  8  9 10 11 12 13 14 15 16 17 18 |
---------------+-------------------------------------------------------+-----
Invocations    | 1 2 3 4 5 6 7 8 9 10 11 12 13 | 13.4
Short Blades   | 1 2 3 4 5 6 7 8 9 10 11 12 | 12.4
Long Blades    | 1 2 3 4 5 6 7 8 9 10 11 12 | 12.4
Axes           | 1 2 3 4 5 6 7 8 9 10 11 12 | 12.4
Polearms       | 1 2 3 4 5 6 7 8 9 10 11 12 | 12.4
Staves         | 1 2 3 4 5 6 7 8 9 10 11 12 | 12.4
Slings         | 1 2 3 4 5 6 7 8 9 10 11 12 | 12.4
Bows           | 1 2 3 4 5 6 7 8 9 10 11 12 | 12.4
Crossbows      | 1 2 3 4 5 6 7 8 9 10 11 12 | 12.4
Throwing       | 1 2 3 4 5 6 7 8 9 10 11 12 | 12.4
Stealth        | 1 2 3 4 5 6 7 8 9 10 11 12 | 12.4
Shields        | 1 2 3 4 5 6 7 8 9 10 11 12 | 12.4
Unarmed Combat | 1 2 3 4 5 6 7 8 9 10 11 12 | 12.4
Spellcasting   | 1 2 3 4 5 6 7 8 9 10 11 12 | 12.4
Evocations     | 1 2 3 4 5 6 7 8 9 10 11 12 | 12.4
Dodging        | 3 4 5 6 7 8 9 10 11 12 | 12.7
Conjurations   | 1 2 3 4 5 6 7 8 9 10 | 10.7
Hexes          | 1 2 3 4 5 6 7 8 9 10 | 10.7
Charms         | 1 2 3 4 5 6 9 |  0.0
Summonings     | 1 2 3 4 5 6 7 8 9 10 | 10.7
Necromancy     | 1 2 3 4 5 6 7 8 9 10 | 10.7
Translocations | 1 2 3 4 5 6 7 8 9 10 | 10.7
Transmutations | 1 2 3 4 5 6 7 8 9 10 | 10.7
Fire Magic     | 1 2 3 4 5 6 7 8 9 10 | 10.7
Ice Magic      | 1 2 3 4 5 6 7 8 9 10 | 10.7
Air Magic      | 1 2 3 4 5 6 7 8 9 10 | 10.7
Earth Magic    | 1 2 3 4 5 6 7 8 9 10 | 10.7
Poison Magic   | 1 2 3 4 5 6 7 8 9 10 | 10.7
Armour         | 5 6 7 8 9 10 11 12 13 | 13.1
Fighting       | 7 8 9 10 11 12 13 | 13.8
Maces & Flails | 7 8 9 10 11 12 13 | 13.8

Action                   |  1- 3 |  4- 6 |  7- 9 | 10-12 | 13-15 | 16-18 | 19-21 || total
-------------------------+-------+-------+-------+-------+-------+-------+-------++-------
Melee: Mace              |    77 |   185 |   135 |       |       |       |       ||   397
       Bite              |     4 |    20 |    35 |    27 |   186 |   189 |    13 ||   474
       Punch             |       |       |     3 |       |     2 |       |       ||     5
       Lajatang          |       |       |   466 |   390 |  1416 |  1215 |   103 ||  3590
       Flail             |       |       |    79 |       |  1197 |     2 |       ||  1278
       Headbutt          |       |       |    24 |    53 |   350 |   313 |    17 ||   757
       Kick              |       |       |       |       |   497 |   539 |    33 ||  1069
       Executioner's axe |       |       |       |       |       |    68 |       ||    68
 Cast: Tukima's Dance    |       |       |       |    11 |     2 |    38 |    11 ||    62
       Passwall          |       |       |       |       |       |     5 |       ||     5
       Silence           |       |       |       |       |       |     2 |       ||     2
 Abil: Blink             |       |       |       |       |       |     5 |     1 ||     6
Evoke: Wand              |       |       |    10 |    13 |     4 |     1 |       ||    28
  Use: Scroll            |       |     6 |     8 |     4 |     9 |    13 |     1 ||    41
       Potion            |       |     1 |    12 |     3 |       |     8 |     1 ||    25
 Stab: Sleeping          |     1 |     5 |     8 |       |    17 |    17 |       ||    48
       Paralysed         |       |     1 |     2 |    31 |     2 |       |       ||    36
       Distracted        |       |       |       |       |     2 |     5 |     1 ||     8
Armor: Leather armour    |    22 |    81 |   417 |   205 |       |       |       ||   725
       Chain mail        |       |       |       |       |  1845 |   938 |   117 ||  2900
Dodge: Dodged            |    57 |   156 |   614 |   339 |  1245 |   984 |    95 ||  3490
Block: Other             |       |       |   100 |   103 |   399 |   232 |    21 ||   855

Table legend:
 A = Non-vault XP
 B = Vault XP
 C = Vault XP percentage of total XP
 D = Non-vault monster count
 E = Vault monster count
 F = Vault count percentage of total count
                 A         B        C        D         E       F
            +---------+---------+-------+---------+---------+-------
      Total |  181659 |  133615 |  42.4 |     806 |     417 |  34.1
            +---------+---------+-------+---------+---------+-------
        D:1 |      42 |       0 |   0.0 |      21 |       0 |   0.0
        D:2 |      68 |     260 |  79.3 |      19 |       2 |   9.5
        D:3 |      44 |       3 |   6.4 |      24 |       3 |  11.1
        D:4 |     433 |      32 |   6.9 |      21 |       8 |  27.6
        D:5 |     126 |       0 |   0.0 |       8 |       0 |   0.0
        D:6 |     824 |     299 |  26.6 |      27 |       4 |  12.9
        D:7 |    1522 |      41 |   2.6 |      35 |       1 |   2.8
        D:8 |    1126 |     519 |  31.6 |      19 |       4 |  17.4
        D:9 |    2899 |     290 |   9.1 |      42 |      10 |  19.2
       D:10 |    4201 |    2832 |  40.3 |      52 |       7 |  11.9
       D:11 |    2387 |     431 |  15.3 |      29 |       9 |  23.7
       D:12 |    9285 |       0 |   0.0 |      47 |       0 |   0.0
       D:13 |    7403 |    2320 |  23.9 |      32 |       3 |   8.6
       D:14 |    5422 |   14222 |  72.4 |      23 |      64 |  73.6
       D:15 |   10872 |    3376 |  23.7 |      35 |       5 |  12.5
     Lair:1 |    4328 |    1939 |  30.9 |      20 |      23 |  53.5
     Lair:2 |    6727 |       0 |   0.0 |      31 |       0 |   0.0
     Lair:3 |    1777 |    3546 |  66.6 |      11 |       5 |  31.2
     Lair:4 |    5343 |       0 |   0.0 |      15 |       0 |   0.0
     Lair:5 |   10424 |    4496 |  30.1 |      37 |      11 |  22.9
     Lair:6 |   10937 |    3974 |  26.7 |      14 |       6 |  30.0
    Snake:1 |   23445 |    2456 |   9.5 |      46 |       4 |   8.0
    Snake:2 |   18990 |   20893 |  52.4 |      39 |      34 |  46.6
    Snake:3 |   14931 |   12365 |  45.3 |      25 |      32 |  56.1
    Snake:4 |   31777 |   31663 |  49.9 |      61 |      46 |  43.0
      Orc:1 |    3187 |     129 |   3.9 |      31 |       1 |   3.1
      Orc:2 |    3139 |   19352 |  86.0 |      42 |      57 |  57.6
     Bailey |       0 |    5441 | 100.0 |       0 |      68 | 100.0
   Gauntlet |       0 |    2736 | 100.0 |       0 |      10 | 100.0
            +---------+---------+-------+---------+---------+-------
